 Dungeon Crawl Stone Soup version 0.30-a0-170-g85af917532 (webtiles) character file.

Game seed: 14875353948925762818

344835 qw the Peltast (level 22, -4/149 HPs)
             Began as a Gargoyle Fighter on Sept 30, 2022.
             Was a High Priest of Okawaru.
             Slain by a tengu reaver
             ... wielding a +0 broad axe
              (16 damage)
             ... while paralysed by a floating eye
             ... on level 3 of the Depths on Oct 1, 2022.
             The game lasted 00:23:21 (47947 turns).

qw the Peltast (Gargoyle Fighter)                  Turns: 47947, Time: 00:23:22

Health: -4/149     AC: 56    Str: 34    XL:     22   Next: 8%
Magic:  24/29      EV:  2    Int: 10    God:    Okawaru [*****.]
Gold:   901        SH:  0    Dex: 12    Spells: 21/21 levels left

rFire   . . .      SeeInvis +    G - +8 mithril axe "Arga" {speed, Will+}
rCold   + . .      Faith    .    M - +0 tower shield
rNeg    + + .      Spirit   .    F - +4 plate armour {rC+}
rPois   inf        Reflect  +    k - +2 helmet {SInv}
rElec   +          Harm     .    q - +2 cloak
rCorr   .          Rampage  .    v - +0 pair of gloves
Will    +++..                    C - +2 pair of boots
Stlth   ..........               y - amulet "Salyopsi" {Reflect Will+ Dex+3 SH+5}
HPRegen 0.34/turn                N - ring "Fubischa" {rN+ Str+6 SInv}
MPRegen 0.21/turn                x - +4 ring of protection

@: paralysed, heroic, finesse-ful, corroded, flying
A: sickness immunity, AC +16, big wings, negative energy resistance 1,
electricity resistance, torment resistance 1, petrification resistance, weak 1
}: 2/15 runes: decaying, gossamer
a: Renounce Religion, Heroism, Finesse, Duel


You were on level 3 of the Depths.
You worshipped Okawaru.
Okawaru was extremely pleased with you.
You visited 8 branches of the dungeon, and saw 38 of its levels.
You also visited: Sewer.

You collected 6099 gold pieces.
You spent 5198 gold pieces at shops.


Innate Abilities, Weirdness & Mutations

You are immune to sickness and miasma.
Your stone body is resilient. (AC +16)
You are immune to poison.
Your large and strong wings let you fly.
You resist negative energy. (rN+)
You are resistant to electric shocks. (rElec)
You are resistant to unholy torment.
You are immune to petrification.
You are weak. (Str -2)


   Skills:
 + Level 19.0(24.0) Fighting
 - Level 18.0(23.0) Axes
 - Level 11.0(16.0) Throwing
 - Level 19.0(24.0) Armour
 - Level 7.0(12.0) Dodging
 - Level 20.4(25.4) Shields
 - Level 10.0 Invocations


You had 21 spell levels left.
You didn't know any spells.
Your spell library was empty.

Inventory:

Hand Weapons
 j - a +3 vampiric broad axe
 G - the +8 mithril axe "Arga" (weapon) {speed, Will+}
   (Okawaru gifted it to you on level 1 of the Spider Nest)

   Attacks with this weapon are significantly faster.
   Will:      It increases your willpower.
Missiles
 f - 8 javelins (quivered)
 o - 22 boomerangs
 K - a silver javelin
Armour
 c - the +1 hat "Daxam" {rCorr Int+4}
   (You acquired it on level 4 of the Swamp)

   Int:       It affects your intelligence (+4).
   rCorr:     It protects you from acid and corrosion.
 k - a +2 helmet of see invisible (worn)
 q - a +2 cloak (worn)
 t - a +3 plate armour of fire resistance
 u - a scarf of resistance
 v - a +0 pair of gloves (worn)
 C - a +2 pair of boots (worn)
 F - a +4 plate armour of cold resistance (worn)
 L - the +4 plate armour "Xugop" {rPois Str+2 Stlth-}
   (You found it on level 3 of the Swamp)

   Str:       It affects your strength (+2).
   rPois:     It protects you from poison.
   Stlth:     It makes you less stealthy.
 M - a +0 tower shield (worn)
Jewellery
 a - a ring of fire
 h - the ring "Rufor" {rCorr Str+4 Int+5}
   (You acquired it on level 1 of the Swamp)

   [ring of resist corrosion]

   Str:       It affects your strength (+4).
   Int:       It affects your intelligence (+5).
   rCorr:     It protects you from acid and corrosion.
 i - a ring of protection from fire
 m - a ring of resist corrosion
 w - a ring of ice
 x - a +4 ring of protection (right hand)
 y - the amulet "Salyopsi" (around neck) {Reflect Will+ Dex+3 SH+5}
   (You acquired it on level 2 of the Orcish Mines)

   [amulet of reflection]

   It reflects blocked missile attacks.
   Dex:       It affects your dexterity (+3).
   SH:        It affects your SH (+5).
   Will:      It increases your willpower.
 I - a ring of protection from cold
 N - the ring "Fubischa" (left hand) {rN+ Str+6 SInv}
   (You bought it in a shop on level 1 of the Depths)

   [ring of see invisible]

   Str:       It affects your strength (+6).
   rN:        It protects you from negative energy.
   SInv:      It lets you see invisible.
Wands
 H - a wand of digging (9)
Scrolls
 b - 18 scrolls of identify
 r - 5 scrolls of brand weapon
 s - 13 scrolls of teleportation
 J - 5 scrolls of enchant weapon
Potions
 d - 9 potions of might
 e - 26 potions of curing
 g - a potion of mutation
 l - 6 potions of haste
 n - 14 potions of heal wounds
 p - 2 potions of cancellation
 z - 9 potions of lignification
 A - 6 potions of magic
 B - 4 potions of resistance
 D - 6 potions of attraction

Dungeon Overview and Level Annotations

Branches:
Dungeon (15/15)            Temple (1/1) D:7            Lair (5/5) D:11
  Swamp (4/4) Lair:3       Spider (4/4) Lair:3        Slime (0/5) Lair:4
    Orc (2/2) D:9             Elf (0/3) Orc:2        Vaults (4/5) D:14
  Crypt (0/3) Vaults:2     Depths (3/4) D:15          Sewer (visited)

Altars:
Ashenzari
Cheibriados
Dithmenos
Elyvilon
Fedhas
Gozag
Hepliaklqana
Kikubaaqudgha
Makhleb
Nemelex Xobeh
Okawaru
Qazlal
Ru
Sif Muna
Trog
Uskayaw
Vehumet
Wu Jian
Xom
Yredelemnul
Zin
The Shining One
Jiyva

Shops:
D:3 (=   Orc:2 *((:[   Vaults:1 !![*   Vaults:3 !**[   Depths:1 *

Portals:
Hell: Depths:1 Depths:2
Abyss: Depths:2
Pandemonium: Depths:2
Ziggurat: Depths:2
Trove: Depths:1 (give 5 potions of resistance)

Annotations:
D:3 1 runed translucent door, Crazy Yiuf
D:11 2 runed translucent doors
Lair:5 1 runed translucent door
Spider:1 3 runed translucent doors, Rod Caur's ghost, adept HOFi; qw's ghost, adept GrFi
Vaults:1 1 transporter
Depths:2 3 runed translucent doors, qw's ghost, adept GrFi


Message History

You slash the vampire knight!
The vampire knight is heavily damaged.
You hit the vampire knight but do no damage.
The vampire knight is heavily damaged.
The tengu reaver points at you and mumbles some strange words.
The bolt of cold hits you but does no damage.
You barely miss the vampire knight.
The vampire knight is heavily damaged.
A deep troll earth mage comes into view.
You block the vampire knight's attack.
The vampire knight bites you but does no damage.
The floating eye gazes piercingly through you!
You suddenly lose the ability to move!
The tengu reaver casts a spell at you. The bolt of cold hits you. You resist.
The ettin hits you but does no damage.
The ettin hits you with a +0 great mace.
The vampire knight hits you with a +0 war axe.
The vampire knight bites you but does no damage.
The floating eye seems to glare at you.
The spriggan berserker utters an invocation to Trog.
The polar bear goes berserk!
The ettin hits you with a +0 dire flail!!
The ettin hits you with a +0 great mace!
The vampire knight hits you but does no damage.
The vampire knight bites you but does no damage.
The lich casts a spell.
The lich seems to speed up.
The floating eye gazes piercingly through you!
You shrug off the repeated paralysis!
The tengu reaver hits you but does no damage.
The tengu reaver pecks you but does no damage.
The tengu reaver claws you but does no damage.
A spriggan berserker comes into view. It is wielding a +0 rapier.
The vampire knight hits you but does no damage.
The vampire knight bites you but does no damage.
The polar bear bites you but does no damage.
The polar bear claws you but does no damage. x2
The spriggan air mage hits you but does no damage.
The tengu reaver hits you with a +0 broad axe!
You die...

...#.#.........
.......i.......
#.........¤~..
#.........~~~.
#......D..~... >
#..C.T...~...
..!##.GLVhi.!...
#......i@.......
#......Q........
##..............
#..............
#...T..........
##....?..~.....
..~~.¤..~~.....
...¤¤..¤¤¤¤~....
...~...¤~~~~....


You could see a shadow dragon, a tengu reaver, a lich (fast, invisible), a
vampire knight (invisible), an ettin, 2 spriggan berserkers, a spriggan air mage
(repels missiles), 2 deep troll earth magi, a polar bear (summoned, berserk) and
a floating eye.

Vanquished Creatures
  An ancient lich (Vaults:1)
  Nikola (Spider:4)
  A tentacled monstrosity (Swamp:2)
  Zenata (Vaults:4)
  Mlioglotl (Swamp:1)
  A quicksilver dragon (Vaults:4)
  A walking divine tome (Depths:1)
  A sphinx (Vaults:4)
  Donald (Swamp:1)
  A fire giant (Depths:1)
  A fenstrider witch (Swamp:4)
  5 emperor scorpions
  12 vault wardens
  3 frost giants
  3 ghost moths
  2 curse skulls
  Aizul (Vaults:2)
  5 orc warlords
  2 war gargoyles (Vaults:3)
  27 very ugly things
  A spriggan defender (Depths:3)
  14 ironbound preservers
  3 broodmothers
  7 ironbound thunderhulks
  6 stone giants
  Nessos (D:15)
  A deep elf demonologist (Vaults:2)
  5 eleionomae
  13 dire elephants
  11 spark wasps
  6 bunyips
  5 ettins
  A crystal guardian (Vaults:1)
  8 entropy weavers
  7 great orbs of eyes
  8 yaktaur captains
  9 ice dragons
  3 fire dragons
  3 rakshasas
  14 vault guards
  Fannar (D:11)
  8 ironbound frosthearts
  3 peacekeepers
  12 hydras
  4 spriggan air magi (Depths:2)
  A death knight (D:15)
  2 ogre magi
  12 alligators
  2 deep troll shamans
  4 jorogumos
  8 centaur warriors
  3 radroaches
  3 two-headed ogres
  8 tengu warriors
  3 deep troll earth magi
  A death scarab (Spider:1)
  3 death yaks (Lair:5)
  4 boulder beetles
  2 vampire magi
  2 spriggan berserkers
  An orc high priest (Orc:1)
  5 soul eaters (Depths:2)
  Urug (D:12)
  3 sun moths
  10 pharaoh ants
  3 skeletal warriors (D:15)
  7 steelbarb worms
  5 goliath frogs
  3 spriggan druids
  Lodul (D:10)
  A flayed ghost (Depths:2)
  3 swamp dragons
  2 iron trolls (Depths:2)
  37 deep trolls
  2 orange crystal statues
  13 orb spiders
  12 orc knights
  3 bog bodies
  18 ironbound convokers
  Pikel (D:7)
  9 lindwurms
  8 wizards
  5 harpies (Vaults:4)
  2 deep elf pyromancers (D:15)
  2 phantasmal warriors
  21 wolf spiders
  4 necromancers
  39 ugly things
  2 orc sorcerers (Orc:1)
  A manticore (D:14)
  5 cyclopes
  5 will-o-the-wisps
  9 moths of wrath
  An elephant (shapeshifter) (Depths:1)
  15 elephants
  Maurice (D:12)
  15 vault sentinels
  8 black mambas
  2 gargoyles
  11 torpor snails
  12 demonic crawlers
  Psyche (D:11)
  30 yaktaurs
  5 freezing wraiths
  A kobold demonologist (D:10)
  6 rime drakes
  3 tengu conjurers
  10 cane toads
  2 efreet
  8 komodo dragons
  6 meliai
  A bloated husk (Swamp:2)
  15 tyrant leeches
  2 polar bears
  9 trolls
  19 tarantellas
  15 hornets
  47 slime creatures
  2 tarantellas (shapeshifter)
  14 blink frogs
  12 dream sheep (Lair:5)
  A centaur simulacrum (D:14)
  26 jumping spiders
  4 water elementals (Depths:2)
  31 culicivoras
  A spriggan (shapeshifter) (D:13)
  3 wyverns
  51 yaks
  A vampire (D:12)
  8 basilisks
  3 wraiths
  2 shadows
  7 spriggans
  Grum (D:8)
  4 steam dragons
  59 redbacks
  6 vampire mosquitoes
  4 swamp worm simulacra (Swamp:4)
  2 wargs
  21 swamp worms
  2 acid dragons
  16 hydra simulacra (Swamp:4)
  20 water moccasins
  2 swamp drakes
  33 orc warriors
  3 ice beasts
  4 black bears
  A sky beast (D:5)
  10 wolves
  A boggart (Vaults:1)
  14 ogres
  7 centaurs
  3 lemures (D:7)
  5 kobold brigands
  8 bullfrogs
  2 scorpions
  8 wights
  14 killer bees
  3 electric eels
  7 howler monkeys
  A crimson imp (D:8)
  2 jellies
  18 orc priests
  5 hounds
  Terence (D:3)
  6 iguanas
  24 orc wizards
  14 gnolls
  4 river rats (Sewer)
  13 adders
  A shadow imp (D:7)
  2 white imps (D:7)
  5 ufetubi
  4 swamp drake simulacra (Swamp:4)
  3 worms
  3 dart slugs
  92 orcs
  4 endoplasms
  6 giant cockroaches
  8 goblins
  6 hobgoblins
  10 jackals
  17 kobolds
  2 quokkas
  12 ball pythons
  4 bats (D:1)
  6 frilled lizards
  7 rats
1477 creatures vanquished.

Vanquished Creatures (collateral kills)
  A hound (D:5)
1 creature vanquished.

Vanquished Creatures (others)
  An azure jelly (Swamp:4)
  An alligator (Swamp:4)
  2 wizards
  A bloated husk (Swamp:2)
  A tyrant leech (Swamp:4)
  A swamp worm (Swamp:4)
  A sky beast zombie (D:5)
  A gnoll (Orc:1)
  An orc (Orc:1)
  8 foxfires
  24 fungi
  49 plants
  6 withered plants (Spider:1)
97 creatures vanquished.

Grand Total: 1575 creatures vanquished

Notes
Turn   | Place    | Note
-------+----------+-------------------------------------------
     0 | D:1      | qw the Gargoyle Fighter began the quest for the Orb.
     0 | D:1      | Reached XP level 1. HP: 14/14 MP: 1/1
     0 | D:1      | 0 ||| qw: Version: 0.2-a-13-gfc7b4b4
     0 | D:1      | 0 ||| qw: Game counter: 1704
     0 | D:1      | 0 ||| qw: Always use a shield: true
     0 | D:1      | 0 ||| qw: God list: Okawaru
     0 | D:1      | 0 ||| qw: Allow faded altars: false
     0 | D:1      | 0 ||| qw: Do Orc after D:15 true
     0 | D:1      | 0 ||| qw: Do second Lair branch before Depths: true
     0 | D:1      | 0 ||| qw: Lair rune preference: random
     0 | D:1      | 0 ||| qw: Plans: Normal, Zot:1-4, God:TSO, Crypt, Tomb,
                  | Pan, Slime:5, Hells, Abyss, Orb
     0 | D:1      | 0 ||| PLANNING D:1-11
   243 | D:1      | Reached XP level 2. HP: 18/19 MP: 2/2
   608 | D:1      | 608 ||| DROPPING +0 club.
   652 | D:1      | Reached skill level 3 in Axes
   832 | D:1      | Reached XP level 3. HP: 23/23 MP: 3/3
   894 | D:1      | 894 ||| UPGRADING to +0 chain mail.
   904 | D:1      | 904 ||| DROPPING +0 scale mail.
   905 | D:1      | 905 ||| READING scroll labelled LONALU OCOCUO.
   910 | D:1      | 910 ||| READING scroll labelled PIOLEM FAF COY.
   911 | D:1      | 911 ||| READING 2 scrolls labelled LUMESE BIONAG.
   912 | D:1      | 912 ||| READING scroll labelled FERRASS ENLUPN.
   913 | D:1      | 913 ||| READING scroll labelled EZOMOO NUOLENT.
   914 | D:1      | 914 ||| DROPPING scroll of fear.
   935 | D:2      | 935 ||| STAIRDANCE
   941 | D:2      | 941 ||| STAIRDANCE
  1457 | D:2      | Reached XP level 4. HP: 23/28 MP: 4/4
  1523 | D:2      | 1523 ||| READING scroll of enchant weapon.
  1523 | D:2      | 1523 ||| ENCHANTING +1 war axe.
  1548 | D:2      | 1548 ||| Stepping ~*~*~tactically~*~*~ (stealth).
  1756 | D:2      | 1756 ||| READING scroll labelled TUPLU RO TOO.
  1757 | D:2      | 1757 ||| DRINKING 2 sapphire potions.
  1758 | D:2      | 1758 ||| DRINKING 2 puce potions.
  1759 | D:2      | 1759 ||| DROPPING potion of degeneration.
  1762 | D:3      | Found Obaah's Antique Weapon Emporium.
  1763 | D:3      | 1763 ||| PLANNING SEWER
  1826 | D:3      | Found a glowing drain.
  1914 | D:3      | 1914 ||| Stepping randomly (stuck).
  1915 | D:3      | 1915 ||| Stepping randomly (stuck).
  1916 | D:3      | 1916 ||| Stepping randomly (stuck).
  1917 | D:3      | 1917 ||| Stepping randomly (stuck).
  1918 | D:3      | 1918 ||| Stepping randomly (stuck).
  1919 | D:3      | 1919 ||| Stepping randomly (stuck).
  1921 | Sewer    | Entered a sewer
  1926 | Sewer    | 1926 ||| Stepping ~*~*~tactically~*~*~ (stealth).
  1930 | Sewer    | 1930 ||| Stepping ~*~*~tactically~*~*~ (stealth).
  1990 | Sewer    | 1990 ||| Stepping ~*~*~tactically~*~*~ (stealth).
  2082 | Sewer    | 2082 ||| Stepping ~*~*~tactically~*~*~ (stealth).
  2098 | Sewer    | Reached XP level 5. HP: 32/32 MP: 5/5
  2218 | Sewer    | Noticed a kobold brigand
  2236 | Sewer    | Killed a kobold brigand
  2354 | Sewer    | 2354 ||| Stepping ~*~*~tactically~*~*~ (water).
  2359 | Sewer    | Reached XP level 6. HP: 36/37 MP: 6/6
  2398 | Sewer    | 2398 ||| Stepping ~*~*~tactically~*~*~ (water).
  2833 | Sewer    | 2833 ||| READING scroll labelled OVIEREEMPU.
  2834 | Sewer    | 2834 ||| READING scroll labelled IGATOQIUHI.
  2866 | D:3      | 2866 ||| PLANNING D:1-11
  2866 | D:3      | 2866 ||| Stepping randomly (stuck).
  2867 | D:3      | 2867 ||| Stepping randomly (stuck).
  2868 | D:3      | 2868 ||| Stepping randomly (stuck).
  2963 | D:3      | Found Ocloddeh's Jewellery Emporium.
  2977 | D:3      | 2977 ||| SHOPLISTING +4 ring of slaying (780 gold, have
                  | 113).
  2977 | D:3      | 2977 ||| SHOPLISTING amulet of guardian spirit (300 gold,
                  | have 113).
  2977 | D:3      | 2977 ||| SHOPLISTING amulet of reflection (300 gold, have
                  | 113).
  2977 | D:3      | 2977 ||| SHOPLISTING ring of ice (250 gold, have 113).
  2977 | D:3      | 2977 ||| SHOPLISTING ring of protection from cold (250
                  | gold, have 113).
  2977 | D:3      | 2977 ||| SHOPLISTING ring of protection from fire (250
                  | gold, have 113).
  3086 | D:3      | Identified the +9 hammer of the Shore {drain, *Slow rC+
                  | MP+9 Dex+5}
  3088 | D:3      | 3088 ||| DROPPING +0 mace.
  3089 | D:3      | Found a runed translucent door.
  3090 | D:3      | Noticed Crazy Yiuf
  3262 | D:3      | Noticed Terence
  3272 | D:3      | Killed Terence
  3461 | D:3      | 3461 ||| READING scroll labelled IBRUS QAGHESEA.
  3462 | D:3      | 3462 ||| READING scroll labelled GIMIRO FIV VOC.
  3523 | D:3      | 3523 ||| READING scroll labelled GEUBBU LOYD.
  3805 | D:4      | Found a basalt altar of Yredelemnul.
  3838 | D:4      | Reached XP level 7. HP: 30/43 MP: 7/7
  3972 | D:4      | Reached skill level 6 in Axes
  3994 | D:4      | Found a stormy altar of Qazlal.
  4136 | D:4      | 4136 ||| Stepping ~*~*~tactically~*~*~ (hiding).
  4550 | D:4      | 4550 ||| UPGRADING to +2 helmet.
  4555 | D:4      | 4555 ||| UPGRADING to +0 cloak.
  4560 | D:4      | 4560 ||| DRINKING 2 green potions.
  4561 | D:4      | 4561 ||| DRINKING 2 metallic amethyst potions.
  4662 | D:4      | 4662 ||| DRINKING 2 purple potions.
  4663 | D:4      | 4663 ||| READING 4 scrolls of identify.
  4663 | D:4      | 4663 ||| IDENTIFYING bubbling orange potion
  4664 | D:4      | 4664 ||| READING 3 scrolls of identify.
  4664 | D:4      | 4664 ||| IDENTIFYING sedimented purple potion
  4665 | D:4      | 4665 ||| READING 2 scrolls of identify.
  4665 | D:4      | 4665 ||| IDENTIFYING red potion
  4666 | D:4      | 4666 ||| DROPPING potion of invisibility.
  4667 | D:4      | 4667 ||| DROPPING potion of brilliance.
  4668 | D:4      | 4668 ||| DROPPING potion of ambrosia.
  4709 | D:5      | Entered Level 5 of the Dungeon
  4737 | D:5      | Reached skill level 1 in Dodging
  4843 | D:5      | 4843 ||| Stepping ~*~*~tactically~*~*~ (hiding).
  4844 | D:5      | 4844 ||| Stepping ~*~*~tactically~*~*~ (hiding).
  5394 | D:5      | Found a sparkling altar of Nemelex Xobeh.
  5495 | D:5      | Reached XP level 8. HP: 48/48 MP: 8/8
  5512 | D:5      | 5512 ||| Stepping ~*~*~tactically~*~*~ (stealth).
  5516 | D:5      | 5516 ||| Stepping ~*~*~tactically~*~*~ (stealth).
  5576 | D:5      | 5576 ||| Stepping ~*~*~tactically~*~*~ (stealth).
  5611 | D:5      | 5611 ||| Stepping ~*~*~tactically~*~*~ (stealth).
  5612 | D:5      | 5612 ||| Stepping ~*~*~tactically~*~*~ (stealth).
  5614 | D:5      | 5614 ||| Stepping ~*~*~tactically~*~*~ (stealth).
  5967 | D:5      | 5967 ||| UPGRADING to +0 plate armour.
  5977 | D:5      | 5977 ||| DROPPING +0 chain mail.
  5978 | D:5      | 5978 ||| UPGRADING to amulet of regeneration.
  5983 | D:5      | 5983 ||| READING 3 scrolls of identify.
  5983 | D:5      | 5983 ||| IDENTIFYING emerald potion
  5984 | D:5      | 5984 ||| DROPPING potion of magic.
  6267 | D:6      | 6267 ||| Stepping ~*~*~tactically~*~*~ (stealth).
  6377 | D:6      | 6377 ||| FLEEEEING.
  6384 | D:6      | Found the +6 shillelagh "Devastator" {shatter}
  6415 | D:6      | Noticed a troll
  6425 | D:6      | Killed a troll
  6460 | D:6      | Reached XP level 9. HP: 54/55 MP: 9/9
  6509 | D:6      | 6509 ||| Stepping ~*~*~tactically~*~*~ (stealth).
  6511 | D:6      | 6511 ||| Stepping ~*~*~tactically~*~*~ (stealth).
  6513 | D:6      | 6513 ||| Stepping ~*~*~tactically~*~*~ (stealth).
  6515 | D:6      | 6515 ||| Stepping ~*~*~tactically~*~*~ (stealth).
  6517 | D:6      | 6517 ||| Stepping ~*~*~tactically~*~*~ (stealth).
  6536 | D:6      | Reached skill level 6 in Fighting
  6558 | D:6      | Found a glowing silver altar of Zin.
  6603 | D:6      | 6603 ||| Stepping ~*~*~tactically~*~*~ (stealth).
  6639 | D:6      | Found a shimmering blue altar of Sif Muna.
  6713 | D:6      | 6713 ||| READING scroll labelled ISUCZIS WOPO.
  6754 | D:7      | Noticed Pikel
  6755 | D:7      | 6755 ||| Stepping ~*~*~tactically~*~*~ (stealth).
  6758 | D:7      | 6758 ||| Stepping ~*~*~tactically~*~*~ (hiding).
  6759 | D:7      | 6759 ||| Stepping ~*~*~tactically~*~*~ (hiding).
  6760 | D:7      | 6760 ||| Stepping ~*~*~tactically~*~*~ (hiding).
  6774 | D:7      | Killed Pikel
  6775 | D:7      | Reached skill level 9 in Axes
  6902 | D:7      | Found a staircase to the Ecumenical Temple.
  6903 | D:7      | 6903 ||| PLANNING TEMPLE
  6911 | Temple   | Entered the Ecumenical Temple
  6935 | Temple   | 6935 ||| PLANNING OKAWARU WORSHIP
  7120 | Temple   | Became a worshipper of Warmaster Okawaru
  7121 | Temple   | 7121 ||| PLANNING D:1-11
  7183 | D:7      | Reached skill level 4 in Shields
  7219 | D:7      | 7219 ||| Stepping ~*~*~tactically~*~*~ (hiding).
  7257 | D:7      | 7257 ||| Stepping ~*~*~tactically~*~*~ (stealth).
  7261 | D:7      | Reached skill level 6 in Armour
  7284 | D:7      | 7284 ||| Stepping ~*~*~tactically~*~*~ (stealth).
  7291 | D:7      | 7291 ||| Stepping ~*~*~tactically~*~*~ (stealth).
  7292 | D:7      | 7292 ||| Stepping ~*~*~tactically~*~*~ (stealth).
  7750 | D:7      | Reached * piety under Okawaru
  7751 | D:7      | 7751 ||| INVOKING Heroism.
  7764 | D:7      | 7764 ||| INVOKING Heroism.
  7785 | D:7      | Reached XP level 10. HP: 49/63 MP: 8/10
  7826 | D:7      | 7826 ||| UPGRADING to +0 pair of boots.
  7831 | D:7      | 7831 ||| READING scroll labelled ZESHRA LONLO.
  7932 | D:7      | 7932 ||| READING scroll labelled ZYPLATHR BYDAYRUL.
  8104 | D:8      | 8104 ||| DROPPING +6 shillelagh "Devastator" {shatter}.
  8106 | D:8      | 8106 ||| Stepping ~*~*~tactically~*~*~ (hiding).
  8116 | D:8      | Reached skill level 1 in Invocations
  8143 | D:8      | 8143 ||| Stepping ~*~*~tactically~*~*~ (stealth).
  8162 | D:8      | Found a snail-covered altar of Cheibriados.
  8167 | D:8      | Found a radiant altar of Vehumet.
  8269 | D:8      | Found a flagged portal.
  8296 | D:8      | 8296 ||| Stepping ~*~*~tactically~*~*~ (hiding).
  8306 | D:8      | 8306 ||| Stepping ~*~*~tactically~*~*~ (stealth).
  8337 | D:8      | 8337 ||| INVOKING Heroism.
  8618 | D:8      | Reached skill level 3 in Invocations
  8625 | D:8      | Noticed Grum
  8626 | D:8      | 8626 ||| INVOKING Heroism.
  8642 | D:8      | Killed Grum
  8862 | D:8      | Found a burning altar of Makhleb.
  8933 | D:8      | 8933 ||| DROPPING +6 ring of intelligence.
  8934 | D:8      | 8934 ||| READING 8 scrolls of identify.
  8934 | D:8      | 8934 ||| IDENTIFYING brown potion
  8935 | D:8      | 8935 ||| DROPPING potion of berserk rage.
  9050 | D:9      | 9050 ||| INVOKING Heroism.
  9053 | D:9      | Noticed a two-headed ogre
  9067 | D:9      | Killed a two-headed ogre
  9067 | D:9      | Reached ** piety under Okawaru
  9086 | D:9      | 9086 ||| SWAPPING to +0 broad axe.
  9087 | D:9      | 9087 ||| DROPPING +2 war axe of chaos.
  9088 | D:9      | Found a broken altar of Ashenzari.
  9107 | D:9      | Reached skill level 5 in Shields
  9157 | D:9      | 9157 ||| INVOKING Heroism.
  9342 | D:9      | 9342 ||| INVOKING Heroism.
  9404 | D:9      | 9404 ||| Stepping ~*~*~tactically~*~*~ (hiding).
  9405 | D:9      | 9405 ||| Stepping ~*~*~tactically~*~*~ (hiding).
  9406 | D:9      | 9406 ||| INVOKING Heroism.
  9500 | D:9      | 9500 ||| Stepping ~*~*~tactically~*~*~ (stealth).
  9502 | D:9      | 9502 ||| INVOKING Heroism.
  9504 | D:9      | 9504 ||| Stepping ~*~*~tactically~*~*~ (stealth).
  9634 | D:9      | Found a staircase to the Orcish Mines.
  9726 | D:9      | 9726 ||| UPGRADING to +2 plate armour of fire resistance.
  9736 | D:9      | 9736 ||| DROPPING +0 plate armour.
  9737 | D:9      | 9737 ||| READING 8 scrolls of identify.
  9737 | D:9      | 9737 ||| IDENTIFYING black potion
  9738 | D:9      | 9738 ||| DROPPING potion of flight.
  9791 | D:10     | Entered Level 10 of the Dungeon
  9877 | D:10     | Found a hide-covered altar of Uskayaw.
  9949 | D:10     | 9949 ||| Stepping ~*~*~tactically~*~*~ (hiding).
  9952 | D:10     | 9952 ||| INVOKING Heroism.
  9965 | D:10     | Noticed Lodul
  9972 | D:10     | Reached *** piety under Okawaru
  9973 | D:10     | Reached XP level 11. HP: 51/68 MP: 14/14
  9980 | D:10     | Killed Lodul
 10126 | D:10     | 10126 ||| Stepping ~*~*~tactically~*~*~ (hiding).
 10138 | D:10     | 10138 ||| DRINKING 10 potions of curing.
 10138 | D:10     | 10138 ||| (to cure confusion)
 10266 | D:10     | 10266 ||| INVOKING Heroism.
 10529 | D:10     | 10529 ||| Stepping ~*~*~tactically~*~*~ (stealth).
 10727 | D:10     | 10727 ||| Stepping ~*~*~tactically~*~*~ (stealth).
 10729 | D:10     | 10729 ||| Stepping ~*~*~tactically~*~*~ (hiding).
 10732 | D:10     | 10732 ||| INVOKING Heroism.
 10743 | D:10     | Reached skill level 3 in Throwing
 10851 | D:10     | Found an ornate altar of the Wu Jian Council.
 10858 | D:10     | 10858 ||| READING scroll labelled HARHOCS ZUPT.
 10956 | D:11     | Noticed a boulder beetle
 10957 | D:11     | 10957 ||| Stepping ~*~*~tactically~*~*~ (stealth).
 10957 | D:11     | Found a staircase to the Lair.
 10958 | D:11     | 10958 ||| Stepping ~*~*~tactically~*~*~ (stealth).
 10964 | D:11     | 10964 ||| INVOKING Heroism.
 10975 | D:11     | Killed a boulder beetle
 11000 | D:11     | 11000 ||| Stepping ~*~*~tactically~*~*~ (stealth).
 11002 | D:11     | 11002 ||| INVOKING Heroism.
 11069 | D:11     | 11069 ||| Stepping ~*~*~tactically~*~*~ (stealth).
 11070 | D:11     | 11070 ||| Stepping ~*~*~tactically~*~*~ (stealth).
 11086 | D:11     | 11086 ||| INVOKING Heroism.
 11093 | D:11     | Reached skill level 9 in Fighting
 11180 | D:11     | Noticed an orange crystal statue
 11180 | D:11     | Noticed a two-headed ogre
 11181 | D:11     | 11181 ||| INVOKING Heroism.
 11188 | D:11     | Killed a two-headed ogre
 11206 | D:11     | Killed an orange crystal statue
 11206 | D:11     | Reached **** piety under Okawaru
 11267 | D:11     | 11267 ||| Stepping ~*~*~tactically~*~*~ (stealth).
 11269 | D:11     | 11269 ||| Stepping ~*~*~tactically~*~*~ (stealth).
 11270 | D:11     | 11270 ||| Stepping ~*~*~tactically~*~*~ (stealth).
 11271 | D:11     | 11271 ||| Stepping ~*~*~tactically~*~*~ (stealth).
 11275 | D:11     | Received a gift from Okawaru
 11321 | D:11     | 11321 ||| INVOKING Heroism.
 11358 | D:11     | Noticed Fannar
 11387 | D:11     | 11387 ||| Stepping ~*~*~tactically~*~*~ (hiding).
 11390 | D:11     | Killed Fannar
 11593 | D:11     | Found a large runed translucent door.
 11594 | D:11     | Found a large runed translucent door.
 11599 | D:11     | Found a shimmering altar of Xom.
 11599 | D:11     | Noticed a brown ugly thing
 11599 | D:11     | Noticed a purple ugly thing
 11599 | D:11     | Noticed a red ugly thing
 11600 | D:11     | Noticed Psyche
 11601 | D:11     | 11601 ||| INVOKING Heroism.
 11604 | D:11     | Noticed a purple ugly thing
 11611 | D:11     | Killed Psyche
 11612 | D:11     | Reached skill level 6 in Invocations
 11788 | D:11     | Noticed an orange crystal statue
 12240 | D:11     | 12240 ||| PLANNING LAIR
 12240 | D:11     | 12240 ||| UPGRADING to +0 pair of gloves.
 12245 | D:11     | 12245 ||| UPGRADING to +4 ring of protection.
 12246 | D:11     | 12246 ||| DROPPING ring of magical power.
 12291 | Lair:1   | Entered Level 1 of the Lair of Beasts
 12308 | Lair:1   | 12308 ||| INVOKING Heroism.
 12323 | Lair:1   | Reached XP level 12. HP: 70/76 MP: 14/16
 12324 | Lair:1   | Reached skill level 9 in Armour
 12330 | Lair:1   | Reached skill level 12 in Axes
 12331 | Lair:1   | 12331 ||| INVOKING Heroism.
 12342 | Lair:1   | Reached ***** piety under Okawaru
 12349 | Lair:1   | 12349 ||| Stepping ~*~*~tactically~*~*~ (stealth).
 12372 | Lair:1   | Reached skill level 6 in Shields
 12452 | Lair:1   | 12452 ||| INVOKING Heroism.
 12493 | Lair:1   | 12493 ||| INVOKING Heroism.
 12806 | Lair:1   | 12806 ||| INVOKING Heroism.
 12809 | Lair:1   | 12809 ||| Stepping ~*~*~tactically~*~*~ (stealth).
 12847 | Lair:1   | 12847 ||| Stepping ~*~*~tactically~*~*~ (hiding).
 13051 | Lair:2   | 13051 ||| INVOKING Heroism.
 13052 | Lair:2   | 13052 ||| Stepping ~*~*~tactically~*~*~ (stealth).
 13089 | Lair:2   | 13089 ||| INVOKING Heroism.
 13095 | Lair:2   | 13095 ||| Stepping ~*~*~tactically~*~*~ (stealth).
 13181 | Lair:2   | Reached skill level 9 in Invocations
 13212 | Lair:2   | 13212 ||| Stepping ~*~*~tactically~*~*~ (stealth).
 13300 | Lair:2   | Noticed a five-headed hydra
 13301 | Lair:2   | 13301 ||| INVOKING Heroism.
 13302 | Lair:2   | 13302 ||| INVOKING Finesse.
 13304 | Lair:2   | 13304 ||| SWAPPING to +9 hammer of the Shore {drain, *Slow
                  | rC+ MP+9 Dex+5}.
 13314 | Lair:2   | Killed a five-headed hydra
 13314 | Lair:2   | Received a gift from Okawaru
 13315 | Lair:2   | 13315 ||| SWAPPING to +0 broad axe.
 13347 | Lair:2   | 13347 ||| INVOKING Heroism.
 13363 | Lair:2   | 13363 ||| Stepping ~*~*~tactically~*~*~ (stealth).
 13365 | Lair:2   | 13365 ||| Stepping ~*~*~tactically~*~*~ (stealth).
 13366 | Lair:2   | 13366 ||| Stepping ~*~*~tactically~*~*~ (stealth).
 13376 | Lair:2   | 13376 ||| Stepping ~*~*~tactically~*~*~ (stealth).
 13383 | Lair:2   | 13383 ||| Stepping ~*~*~tactically~*~*~ (stealth).
 13388 | Lair:2   | 13388 ||| Stepping ~*~*~tactically~*~*~ (stealth).
 13389 | Lair:2   | 13389 ||| Stepping ~*~*~tactically~*~*~ (stealth).
 13393 | Lair:2   | 13393 ||| Stepping ~*~*~tactically~*~*~ (stealth).
 13396 | Lair:2   | 13396 ||| Stepping ~*~*~tactically~*~*~ (stealth).
 13397 | Lair:2   | 13397 ||| Stepping ~*~*~tactically~*~*~ (stealth).
 13398 | Lair:2   | 13398 ||| Stepping ~*~*~tactically~*~*~ (stealth).
 13399 | Lair:2   | 13399 ||| Stepping ~*~*~tactically~*~*~ (stealth).
 13400 | Lair:2   | 13400 ||| Stepping ~*~*~tactically~*~*~ (stealth).
 13401 | Lair:2   | 13401 ||| Stepping ~*~*~tactically~*~*~ (stealth).
 13402 | Lair:2   | 13402 ||| Stepping ~*~*~tactically~*~*~ (stealth).
 13412 | Lair:2   | 13412 ||| Stepping ~*~*~tactically~*~*~ (stealth).
 13413 | Lair:2   | 13413 ||| Stepping ~*~*~tactically~*~*~ (stealth).
 13414 | Lair:2   | 13414 ||| Stepping ~*~*~tactically~*~*~ (stealth).
 13415 | Lair:2   | 13415 ||| Stepping ~*~*~tactically~*~*~ (stealth).
 13417 | Lair:2   | 13417 ||| Stepping ~*~*~tactically~*~*~ (stealth).
 13422 | Lair:2   | 13422 ||| INVOKING Heroism.
 13479 | Lair:2   | 13479 ||| INVOKING Heroism.
 13564 | Lair:2   | 13564 ||| INVOKING Heroism.
 13642 | Lair:2   | Reached XP level 13. HP: 82/82 MP: 20/20
 13918 | Lair:2   | 13918 ||| UPGRADING to scarf of resistance.
 13928 | Lair:2   | 13928 ||| UPGRADING to ring of protection from cold.
 13941 | Lair:3   | 13941 ||| INVOKING Heroism.
 14092 | Lair:3   | Found a hole to the Spider Nest.
 14115 | Lair:3   | 14115 ||| INVOKING Heroism.
 14206 | Lair:3   | 14206 ||| INVOKING Heroism.
 14377 | Lair:3   | 14377 ||| INVOKING Heroism.
 14408 | Lair:3   | 14408 ||| Stepping ~*~*~tactically~*~*~ (hiding).
 14519 | Lair:3   | 14519 ||| Stepping ~*~*~tactically~*~*~ (hiding).
 14522 | Lair:3   | 14522 ||| INVOKING Heroism.
 14580 | Lair:3   | 14580 ||| Stepping ~*~*~tactically~*~*~ (hiding).
 14585 | Lair:3   | 14585 ||| INVOKING Heroism.
 14605 | Lair:3   | Found a staircase to the Swamp.
 14688 | Lair:3   | 14688 ||| READING 9 scrolls of identify.
 14688 | Lair:3   | 14688 ||| IDENTIFYING fuming emerald potion
 14734 | Lair:4   | Received a gift from Okawaru
 14736 | Lair:4   | 14736 ||| DROPPING +2 flail.
 14737 | Lair:4   | 14737 ||| DROPPING +9 hammer of the Shore {drain, *Slow rC+
                  | MP+9 Dex+5}.
 14783 | Lair:4   | 14783 ||| READING scroll of enchant weapon.
 14783 | Lair:4   | 14783 ||| ENCHANTING +0 broad axe.
 14813 | Lair:4   | 14813 ||| Stepping ~*~*~tactically~*~*~ (stealth).
 14816 | Lair:4   | 14816 ||| Stepping ~*~*~tactically~*~*~ (stealth).
 14839 | Lair:4   | 14839 ||| FLEEEEING.
 14840 | Lair:4   | 14840 ||| FLEEEEING.
 14841 | Lair:4   | 14841 ||| FLEEEEING.
 14842 | Lair:4   | 14842 ||| FLEEEEING.
 14848 | Lair:4   | 14848 ||| INVOKING Heroism.
 14929 | Lair:4   | 14929 ||| INVOKING Heroism.
 14937 | Lair:4   | 14937 ||| Stepping ~*~*~tactically~*~*~ (stealth).
 15100 | Lair:4   | Found a staircase to the Slime Pits.
 15102 | Lair:4   | Found a viscous altar of Jiyva.
 15311 | Lair:4   | 15311 ||| READING scroll of enchant weapon.
 15311 | Lair:4   | 15311 ||| ENCHANTING +1 broad axe.
 15450 | Lair:4   | 15450 ||| Stepping ~*~*~tactically~*~*~ (stealth).
 15457 | Lair:4   | 15457 ||| INVOKING Heroism.
 15607 | Lair:4   | 15607 ||| READING scroll labelled POSYENG KITUIC.
 15608 | Lair:4   | 15608 ||| READING 9 scrolls of identify.
 15608 | Lair:4   | 15608 ||| IDENTIFYING metallic black potion
 15650 | Lair:5   | Entered Level 5 of the Lair of Beasts
 15692 | Lair:5   | 15692 ||| INVOKING Heroism.
 15696 | Lair:5   | 15696 ||| Stepping ~*~*~tactically~*~*~ (stealth).
 15708 | Lair:5   | 15708 ||| Stepping ~*~*~tactically~*~*~ (stealth).
 15731 | Lair:5   | 15731 ||| Stepping ~*~*~tactically~*~*~ (stealth).
 15758 | Lair:5   | 15758 ||| INVOKING Heroism.
 15759 | Lair:5   | 15759 ||| INVOKING Finesse.
 15765 | Lair:5   | 15765 ||| SWAPPING to +0 war axe of flaming.
 15768 | Lair:5   | Received a gift from Okawaru
 15769 | Lair:5   | 15769 ||| SWAPPING to +2 broad axe.
 15806 | Lair:5   | Found a sparkling altar of Nemelex Xobeh.
 15841 | Lair:5   | 15841 ||| Stepping ~*~*~tactically~*~*~ (stealth).
 15843 | Lair:5   | 15843 ||| INVOKING Heroism.
 15880 | Lair:5   | 15880 ||| Stepping ~*~*~tactically~*~*~ (hiding).
 16013 | Lair:5   | Found a frozen archway.
 16016 | Lair:5   | 16016 ||| INVOKING Heroism.
 16017 | Lair:5   | 16017 ||| INVOKING Finesse.
 16022 | Lair:5   | 16022 ||| SWAPPING to +0 war axe of flaming.
 16026 | Lair:5   | 16026 ||| SWAPPING to +2 broad axe.
 16039 | Lair:5   | Reached skill level 7 in Shields
 16076 | Lair:5   | 16076 ||| Stepping ~*~*~tactically~*~*~ (stealth).
 16077 | Lair:5   | 16077 ||| INVOKING Heroism.
 16099 | Lair:5   | 16099 ||| INVOKING Finesse.
 16105 | Lair:5   | Received a gift from Okawaru
 16107 | Lair:5   | 16107 ||| SWAPPING to +0 war axe of flaming.
 16113 | Lair:5   | Reached skill level 6 in Throwing
 16113 | Lair:5   | 16113 ||| SWAPPING to +2 broad axe.
 16114 | Lair:5   | 16114 ||| INVOKING Heroism.
 16126 | Lair:5   | Gained mutation: Your large and strong wings let you fly.
                  | [Gargoyle growth]
 16126 | Lair:5   | Reached XP level 14. HP: 87/90 MP: 15/21
 16140 | Lair:5   | 16140 ||| Stepping ~*~*~tactically~*~*~ (stealth).
 16191 | Lair:5   | 16191 ||| INVOKING Heroism.
 16192 | Lair:5   | 16192 ||| INVOKING Finesse.
 16196 | Lair:5   | 16196 ||| SWAPPING to +0 war axe of flaming.
 16203 | Lair:5   | 16203 ||| SWAPPING to +2 broad axe.
 16313 | Lair:5   | 16313 ||| Stepping ~*~*~tactically~*~*~ (stealth).
 16331 | Lair:5   | 16331 ||| Stepping ~*~*~tactically~*~*~ (stealth).
 16355 | Lair:5   | 16355 ||| Stepping ~*~*~tactically~*~*~ (stealth).
 16379 | Lair:5   | Reached skill level 15 in Axes
 16390 | Lair:5   | 16390 ||| INVOKING Heroism.
 16391 | Lair:5   | 16391 ||| INVOKING Finesse.
 16409 | Lair:5   | Noticed a dire elephant
 16410 | Lair:5   | 16410 ||| Stepping ~*~*~tactically~*~*~ (stealth).
 16445 | Lair:5   | 16445 ||| INVOKING Heroism.
 16446 | Lair:5   | 16446 ||| INVOKING Finesse.
 16465 | Lair:5   | 16465 ||| Stepping ~*~*~tactically~*~*~ (stealth).
 16468 | Lair:5   | 16468 ||| Stepping ~*~*~tactically~*~*~ (stealth).
 16491 | Lair:5   | 16491 ||| INVOKING Heroism.
 16510 | Lair:5   | Killed a dire elephant
 16551 | Lair:5   | 16551 ||| Stepping ~*~*~tactically~*~*~ (stealth).
 16553 | Lair:5   | 16553 ||| INVOKING Heroism.
 16589 | Lair:5   | 16589 ||| Stepping ~*~*~tactically~*~*~ (hiding).
 16592 | Lair:5   | 16592 ||| INVOKING Heroism.
 16593 | Lair:5   | 16593 ||| INVOKING Finesse.
 16594 | Lair:5   | 16594 ||| INVOKING Finesse.
 16604 | Lair:5   | Received a gift from Okawaru
 16654 | Lair:5   | Identified the +8 lajatang of Causality {freeze, rC- rN+++
                  | Int+5 Dex+4}
 16744 | Lair:5   | 16744 ||| Stepping ~*~*~tactically~*~*~ (stealth).
 16746 | Lair:5   | 16746 ||| Stepping ~*~*~tactically~*~*~ (stealth).
 16748 | Lair:5   | 16748 ||| INVOKING Heroism.
 16836 | Lair:5   | 16836 ||| Stepping ~*~*~tactically~*~*~ (stealth).
 16901 | Lair:5   | 16901 ||| READING scroll of brand weapon.
 16901 | Lair:5   | 16901 ||| BRANDING +2 broad axe.
 17015 | Lair:5   | 17015 ||| Stepping ~*~*~tactically~*~*~ (stealth).
 17016 | Lair:5   | 17016 ||| Stepping ~*~*~tactically~*~*~ (stealth).
 17024 | Lair:5   | 17024 ||| INVOKING Heroism.
 17068 | Lair:5   | Reached skill level 12 in Fighting
 17182 | Lair:5   | Found a runed translucent door.
 17184 | Lair:5   | 17184 ||| INVOKING Heroism.
 17227 | Lair:5   | 17227 ||| INVOKING Heroism.
 17248 | Lair:5   | 17248 ||| Stepping ~*~*~tactically~*~*~ (stealth).
 17257 | Lair:5   | 17257 ||| Stepping ~*~*~tactically~*~*~ (hiding).
 17258 | Lair:5   | 17258 ||| Stepping ~*~*~tactically~*~*~ (hiding).
 17259 | Lair:5   | 17259 ||| INVOKING Heroism.
 17277 | Lair:5   | Received a gift from Okawaru
 17281 | Lair:5   | 17281 ||| Stepping ~*~*~tactically~*~*~ (stealth).
 17365 | Lair:5   | 17365 ||| Stepping ~*~*~tactically~*~*~ (stealth).
 17367 | Lair:5   | 17367 ||| INVOKING Heroism.
 17610 | Lair:5   | 17610 ||| PLANNING D
 17610 | Lair:5   | 17610 ||| DROPPING +0 pair of gloves of stealth.
 17825 | D:12     | 17825 ||| Stepping ~*~*~tactically~*~*~ (stealth).
 17829 | D:12     | 17829 ||| Stepping ~*~*~tactically~*~*~ (stealth).
 17830 | D:12     | 17830 ||| Stepping ~*~*~tactically~*~*~ (hiding).
 17832 | D:12     | 17832 ||| Stepping ~*~*~tactically~*~*~ (hiding).
 17839 | D:12     | Received a gift from Okawaru
 17839 | D:12     | Found the +3 warlock's mirror {reflect}
 17843 | D:12     | 17843 ||| FLEEEEING.
 17962 | D:12     | 17962 ||| FLEEEEING.
 17965 | D:12     | 17965 ||| FLEEEEING.
 17966 | D:12     | 17966 ||| FLEEEEING.
 17967 | D:12     | 17967 ||| FLEEEEING.
 17968 | D:12     | 17968 ||| FLEEEEING.
 17970 | D:12     | 17970 ||| FLEEEEING.
 17971 | D:12     | 17971 ||| FLEEEEING.
 17972 | D:12     | 17972 ||| FLEEEEING.
 17973 | D:12     | 17973 ||| FLEEEEING.
 17974 | D:12     | 17974 ||| FLEEEEING.
 17978 | D:12     | 17978 ||| FLEEEEING.
 17995 | D:12     | 17995 ||| Stepping ~*~*~tactically~*~*~ (stealth).
 17997 | D:12     | 17997 ||| Stepping ~*~*~tactically~*~*~ (stealth).
 17999 | D:12     | 17999 ||| INVOKING Heroism.
 18068 | D:12     | 18068 ||| Stepping ~*~*~tactically~*~*~ (stealth).
 18071 | D:12     | 18071 ||| INVOKING Heroism.
 18180 | D:12     | Found an ornate altar of the Wu Jian Council.
 18204 | D:12     | 18204 ||| INVOKING Heroism.
 18205 | D:12     | 18205 ||| INVOKING Finesse.
 18365 | D:12     | Noticed Maurice
 18400 | D:12     | Killed Maurice
 18410 | D:12     | Noticed Urug
 18411 | D:12     | 18411 ||| INVOKING Heroism.
 18412 | D:12     | 18412 ||| INVOKING Finesse.
 18422 | D:12     | Killed Urug
 18494 | D:12     | 18494 ||| Stepping ~*~*~tactically~*~*~ (stealth).
 18496 | D:12     | 18496 ||| Stepping ~*~*~tactically~*~*~ (stealth).
 18497 | D:12     | 18497 ||| Stepping ~*~*~tactically~*~*~ (stealth).
 18498 | D:12     | 18498 ||| Stepping ~*~*~tactically~*~*~ (stealth).
 18499 | D:12     | 18499 ||| Stepping ~*~*~tactically~*~*~ (stealth).
 18500 | D:12     | 18500 ||| Stepping ~*~*~tactically~*~*~ (stealth).
 19020 | D:12     | 19020 ||| DROPPING +0 cloak.
 19021 | D:12     | 19021 ||| UPGRADING to +2 cloak.
 19031 | D:12     | 19031 ||| UPGRADING to +3 warlock's mirror {reflect}.
 19041 | D:12     | 19041 ||| DROPPING +0 buckler.
 19110 | D:13     | 19110 ||| INVOKING Heroism.
 19126 | D:13     | Reached XP level 15. HP: 95/96 MP: 22/22
 19233 | D:13     | 19233 ||| INVOKING Heroism.
 19472 | D:13     | 19472 ||| DROPPING amulet of faith.
 19479 | D:14     | 19479 ||| STAIRDANCE
 19486 | D:14     | 19486 ||| STAIRDANCE
 19497 | D:14     | 19497 ||| STAIRDANCE
 19513 | D:14     | 19513 ||| STAIRDANCE
 19534 | D:14     | You are sucked into a shaft and drop 1 floor!
 19534 | D:15     | Entered Level 15 of the Dungeon
 19579 | D:15     | 19579 ||| INVOKING Heroism.
 19596 | D:15     | Reached skill level 12 in Armour
 19597 | D:15     | HP: 11/96 [skeletal warrior/+0 dire flail[a death knight]
                  | (21)]
 19598 | D:15     | 19598 ||| READING 12 scrolls of teleportation.
 19599 | D:15     | 19599 ||| DRINKING 6 potions of heal wounds.
 19601 | D:15     | Reached skill level 8 in Shields
 19632 | D:15     | Reached skill level 3 in Dodging
 19713 | D:15     | 19713 ||| INVOKING Heroism.
 19714 | D:15     | 19714 ||| INVOKING Finesse.
 19716 | D:15     | 19716 ||| SWAPPING to +0 war axe of flaming.
 19718 | D:15     | 19718 ||| SWAPPING to +2 broad axe of venom.
 19764 | D:15     | 19764 ||| STAIRDANCE
 19766 | D:14     | 19766 ||| Stepping ~*~*~tactically~*~*~ (hiding).
 19901 | D:14     | 19901 ||| Stepping ~*~*~tactically~*~*~ (hiding).
 19904 | D:14     | 19904 ||| INVOKING Heroism.
 19922 | D:14     | 19922 ||| Stepping ~*~*~tactically~*~*~ (hiding).
 19923 | D:14     | 19923 ||| Stepping ~*~*~tactically~*~*~ (hiding).
 19940 | D:14     | 19940 ||| READING scroll of enchant armour.
 19940 | D:14     | 19940 ||| ENCHANTING +2 plate armour of fire resistance.
 19968 | D:14     | Found a gate to the Vaults.
 19969 | D:14     | 19969 ||| Stepping ~*~*~tactically~*~*~ (hiding).
 19992 | D:14     | 19992 ||| Stepping ~*~*~tactically~*~*~ (stealth).
 20040 | D:14     | 20040 ||| Stepping ~*~*~tactically~*~*~ (hiding).
 20054 | D:14     | 20054 ||| Stepping ~*~*~tactically~*~*~ (stealth).
 20075 | D:14     | 20075 ||| INVOKING Heroism.
 20077 | D:14     | Received a gift from Okawaru
 20154 | D:14     | 20154 ||| FLEEEEING.
 20159 | D:14     | 20159 ||| FLEEEEING.
 20160 | D:14     | 20160 ||| FLEEEEING.
 20161 | D:14     | 20161 ||| FLEEEEING.
 20162 | D:14     | 20162 ||| FLEEEEING.
 20163 | D:14     | 20163 ||| FLEEEEING.
 20164 | D:14     | 20164 ||| FLEEEEING.
 20165 | D:14     | 20165 ||| FLEEEEING.
 20166 | D:14     | 20166 ||| FLEEEEING.
 20533 | D:14     | 20533 ||| UPGRADING to +0 kite shield.
 20543 | D:14     | 20543 ||| DROPPING +3 warlock's mirror {reflect}.
 20544 | D:14     | 20544 ||| DRINKING 2 silvery potions.
 20722 | D:15     | 20722 ||| INVOKING Heroism.
 20753 | D:15     | 20753 ||| INVOKING Heroism.
 20756 | D:15     | Reached skill level 9 in Shields
 20767 | D:15     | Noticed Nessos
 20768 | D:15     | 20768 ||| INVOKING Finesse.
 20789 | D:15     | Killed Nessos
 20893 | D:15     | 20893 ||| Stepping ~*~*~tactically~*~*~ (stealth).
 20894 | D:15     | 20894 ||| Stepping ~*~*~tactically~*~*~ (stealth).
 20902 | D:15     | Found a staircase to the Depths.
 20996 | D:15     | 20996 ||| DRINKING 14 potions of curing.
 20996 | D:15     | 20996 ||| (to cure confusion)
 21162 | D:14     | 21162 ||| PLANNING ORC
 21264 | Orc:1    | Entered Level 1 of the Orcish Mines
 21265 | Orc:1    | 21265 ||| INVOKING Heroism.
 21422 | Orc:2    | Entered Level 2 of the Orcish Mines
 21423 | Orc:2    | Found Geisch's Weapon Shoppe.
 21459 | Orc:2    | 21459 ||| Stepping ~*~*~tactically~*~*~ (stealth).
 21460 | Orc:2    | 21460 ||| Stepping ~*~*~tactically~*~*~ (hiding).
 21543 | Orc:2    | 21543 ||| Stepping ~*~*~tactically~*~*~ (stealth).
 21628 | Orc:2    | 21628 ||| INVOKING Heroism.
 21633 | Orc:2    | Found Reozuy's General Store.
 21645 | Orc:2    | 21645 ||| BUYING potion of attraction (51 gold).
 21645 | Orc:2    | Bought a potion of attraction for 51 gold pieces
 21645 | Orc:2    | 21645 ||| BUYING potion of attraction (51 gold).
 21645 | Orc:2    | Bought a potion of attraction for 51 gold pieces
 21645 | Orc:2    | 21645 ||| BUYING scroll of acquirement (884 gold).
 21645 | Orc:2    | Bought a scroll of acquirement for 884 gold pieces
 21645 | Orc:2    | 21645 ||| READING scroll of acquirement.
 21645 | Orc:2    | 21645 ||| ACQUIRING amulet "Salyopsi" {Reflect Will+ Dex+3
                  | SH+5}
 21645 | Orc:2    | Acquired the amulet "Salyopsi" {Reflect Will+ Dex+3 SH+5}
 21647 | Orc:2    | 21647 ||| UPGRADING to amulet "Salyopsi" {Reflect Will+
                  | Dex+3 SH+5}.
 21721 | Orc:2    | 21721 ||| INVOKING Heroism.
 21730 | Orc:2    | Received a gift from Okawaru
 21731 | Orc:2    | Reached skill level 10 in Shields
 21736 | Orc:2    | 21736 ||| Stepping ~*~*~tactically~*~*~ (stealth).
 21744 | Orc:2    | Found a staircase to the Elven Halls.
 21786 | Orc:2    | Noticed an orc warlord
 21787 | Orc:2    | 21787 ||| Stepping ~*~*~tactically~*~*~ (stealth).
 21789 | Orc:2    | 21789 ||| Stepping ~*~*~tactically~*~*~ (stealth).
 21791 | Orc:2    | 21791 ||| INVOKING Heroism.
 21792 | Orc:2    | 21792 ||| Stepping ~*~*~tactically~*~*~ (hiding).
 21796 | Orc:2    | 21796 ||| INVOKING Finesse.
 21797 | Orc:2    | 21797 ||| Stepping ~*~*~tactically~*~*~ (hiding).
 21798 | Orc:2    | 21798 ||| Stepping ~*~*~tactically~*~*~ (hiding).
 21814 | Orc:2    | Killed an orc warlord
 21856 | Orc:2    | 21856 ||| INVOKING Heroism.
 21977 | Orc:2    | 21977 ||| INVOKING Heroism.
 21980 | Orc:2    | 21980 ||| Stepping ~*~*~tactically~*~*~ (hiding).
 21981 | Orc:2    | 21981 ||| Stepping ~*~*~tactically~*~*~ (hiding).
 22060 | Orc:2    | 22060 ||| INVOKING Heroism.
 22114 | Orc:2    | 22114 ||| INVOKING Heroism.
 22193 | Orc:2    | 22193 ||| INVOKING Heroism.
 22250 | Orc:2    | Found Buropt's Book Boutique.
 22470 | Orc:2    | Found Ymugaura's Antique Weapon Boutique.
 22472 | Orc:2    | Found Feillo's Antique Armour Shop.
 22485 | Orc:2    | 22485 ||| BUYING runed plate armour (676 gold).
 22485 | Orc:2    | Bought a runed plate armour for 676 gold pieces
 22518 | Orc:2    | 22518 ||| DROPPING amulet of regeneration.
 22529 | Orc:1    | 22529 ||| INVOKING Heroism.
 22538 | Orc:1    | HP: 19/96 [orc priest/divine providence[an orc knight] (8)]
 22539 | Orc:1    | 22539 ||| READING 12 scrolls of teleportation.
 22540 | Orc:1    | 22540 ||| DRINKING 5 potions of heal wounds.
 22546 | Orc:1    | HP: 17/96 [orc priest/divine providence[an orc knight]
                  | (12)]
 22547 | Orc:1    | 22547 ||| READING 11 scrolls of teleportation.
 22548 | Orc:1    | 22548 ||| DRINKING 4 potions of heal wounds.
 22550 | Orc:1    | Reached skill level 11 in Shields
 22574 | Orc:1    | 22574 ||| Stepping ~*~*~tactically~*~*~ (stealth).
 22591 | Orc:1    | 22591 ||| Stepping ~*~*~tactically~*~*~ (stealth).
 22592 | Orc:1    | 22592 ||| Stepping ~*~*~tactically~*~*~ (stealth).
 22622 | Orc:1    | 22622 ||| INVOKING Heroism.
 22914 | Orc:1    | 22914 ||| PLANNING SPIDER:1-3
 23079 | Spider:1 | Entered Level 1 of the Spider Nest
 23082 | Spider:1 | 23082 ||| Stepping ~*~*~tactically~*~*~ (stealth).
 23085 | Spider:1 | Received a gift from Okawaru
 23097 | Spider:1 | 23097 ||| Stepping ~*~*~tactically~*~*~ (stealth).
 23147 | Spider:1 | Found a runed translucent gate.
 23147 | Spider:1 | Found a runed translucent gate.
 23147 | Spider:1 | Found a runed translucent gate.
 23148 | Spider:1 | Noticed Rod Caur's ghost (adept HOFi)
 23148 | Spider:1 | Noticed qw's ghost (adept GrFi)
 23151 | Spider:1 | 23151 ||| Stepping ~*~*~tactically~*~*~ (stealth).
 23155 | Spider:1 | 23155 ||| INVOKING Heroism.
 23197 | Spider:1 | Reached XP level 16. HP: 98/101 MP: 23/23
 23211 | Spider:1 | 23211 ||| Stepping ~*~*~tactically~*~*~ (stealth).
 23212 | Spider:1 | 23212 ||| Stepping ~*~*~tactically~*~*~ (hiding).
 23213 | Spider:1 | 23213 ||| Stepping ~*~*~tactically~*~*~ (stealth).
 23214 | Spider:1 | 23214 ||| Stepping ~*~*~tactically~*~*~ (hiding).
 23217 | Spider:1 | 23217 ||| INVOKING Heroism.
 23224 | Spider:1 | 23224 ||| INVOKING Finesse.
 23231 | Spider:1 | Reached skill level 12 in Shields
 23231 | Spider:1 | 23231 ||| Stepping ~*~*~tactically~*~*~ (hiding).
 23253 | Spider:1 | Received a gift from Okawaru
 23259 | Spider:1 | 23259 ||| DRINKING 3 potions of cancellation.
 23284 | Spider:1 | HP: 21/101 [something (6)]
 23285 | Spider:1 | 23285 ||| READING 10 scrolls of teleportation.
 23286 | Spider:1 | 23286 ||| DRINKING 4 potions of heal wounds.
 23289 | Spider:1 | Received a gift from Okawaru
 23290 | Spider:1 | Reached skill level 13 in Shields
 23315 | Spider:1 | 23315 ||| Stepping ~*~*~tactically~*~*~ (stealth).
 23316 | Spider:1 | 23316 ||| Stepping ~*~*~tactically~*~*~ (stealth).
 23335 | Spider:1 | 23335 ||| Stepping ~*~*~tactically~*~*~ (stealth).
 23336 | Spider:1 | 23336 ||| INVOKING Heroism.
 23417 | Spider:1 | 23417 ||| Invisible monster not found???
 23531 | Spider:1 | 23531 ||| INVOKING Heroism.
 23773 | Spider:1 | 23773 ||| INVOKING Heroism.
 23796 | Spider:1 | 23796 ||| Stepping ~*~*~tactically~*~*~ (stealth).
 23803 | Spider:1 | 23803 ||| Stepping ~*~*~tactically~*~*~ (stealth).
 23816 | Spider:1 | 23816 ||| Stepping ~*~*~tactically~*~*~ (stealth).
 23832 | Spider:1 | 23832 ||| INVOKING Heroism.
 23842 | Spider:1 | 23842 ||| INVOKING Finesse.
 23849 | Spider:1 | 23849 ||| Stepping ~*~*~tactically~*~*~ (hiding).
 23855 | Spider:1 | Received a gift from Okawaru
 23862 | Spider:1 | 23862 ||| INVOKING Heroism.
 23898 | Spider:1 | 23898 ||| Stepping ~*~*~tactically~*~*~ (stealth).
 23908 | Spider:1 | 23908 ||| INVOKING Heroism.
 23927 | Spider:1 | 23927 ||| Stepping ~*~*~tactically~*~*~ (stealth).
 23950 | Spider:1 | 23950 ||| Stepping ~*~*~tactically~*~*~ (stealth).
 23951 | Spider:1 | 23951 ||| Stepping ~*~*~tactically~*~*~ (stealth).
 23986 | Spider:1 | 23986 ||| Stepping ~*~*~tactically~*~*~ (stealth).
 24008 | Spider:1 | 24008 ||| Stepping ~*~*~tactically~*~*~ (stealth).
 24027 | Spider:1 | 24027 ||| Stepping ~*~*~tactically~*~*~ (stealth).
 24028 | Spider:1 | 24028 ||| Stepping ~*~*~tactically~*~*~ (stealth).
 24113 | Spider:1 | 24113 ||| Stepping ~*~*~tactically~*~*~ (stealth).
 24114 | Spider:1 | 24114 ||| INVOKING Heroism.
 24115 | Spider:1 | 24115 ||| Stepping ~*~*~tactically~*~*~ (stealth).
 24116 | Spider:1 | 24116 ||| Stepping ~*~*~tactically~*~*~ (stealth).
 24120 | Spider:1 | 24120 ||| INVOKING Finesse.
 24358 | Spider:1 | 24358 ||| Stepping ~*~*~tactically~*~*~ (stealth).
 24361 | Spider:1 | 24361 ||| Stepping ~*~*~tactically~*~*~ (hiding).
 24364 | Spider:1 | 24364 ||| INVOKING Finesse.
 24371 | Spider:1 | 24371 ||| INVOKING Heroism.
 24379 | Spider:1 | HP: 23/103 [spark wasp (4)]
 24380 | Spider:1 | 24380 ||| READING 10 scrolls of teleportation.
 24381 | Spider:1 | 24381 ||| DRINKING 3 potions of heal wounds.
 24429 | Spider:1 | 24429 ||| Stepping ~*~*~tactically~*~*~ (stealth).
 24443 | Spider:1 | 24443 ||| Stepping ~*~*~tactically~*~*~ (stealth).
 24444 | Spider:1 | 24444 ||| Stepping ~*~*~tactically~*~*~ (stealth).
 24445 | Spider:1 | 24445 ||| INVOKING Heroism.
 24452 | Spider:1 | Received a gift from Okawaru
 24453 | Spider:1 | Found the +8 mithril axe "Arga" {speed, Will+}
 24502 | Spider:1 | 24502 ||| Stepping ~*~*~tactically~*~*~ (stealth).
 24503 | Spider:1 | 24503 ||| INVOKING Finesse.
 24505 | Spider:1 | 24505 ||| INVOKING Heroism.
 24569 | Spider:1 | 24569 ||| Stepping ~*~*~tactically~*~*~ (stealth).
 24570 | Spider:1 | 24570 ||| Stepping ~*~*~tactically~*~*~ (stealth).
 24585 | Spider:1 | 24585 ||| Stepping ~*~*~tactically~*~*~ (stealth).
 24620 | Spider:1 | 24620 ||| INVOKING Finesse.
 24643 | Spider:1 | 24643 ||| Stepping ~*~*~tactically~*~*~ (stealth).
 24672 | Spider:1 | 24672 ||| INVOKING Finesse.
 24735 | Spider:1 | 24735 ||| Stepping ~*~*~tactically~*~*~ (stealth).
 24736 | Spider:1 | 24736 ||| Stepping ~*~*~tactically~*~*~ (stealth).
 24739 | Spider:1 | 24739 ||| Stepping ~*~*~tactically~*~*~ (stealth).
 24741 | Spider:1 | 24741 ||| Stepping ~*~*~tactically~*~*~ (stealth).
 24742 | Spider:1 | 24742 ||| Stepping ~*~*~tactically~*~*~ (stealth).
 24774 | Spider:1 | 24774 ||| Stepping ~*~*~tactically~*~*~ (stealth).
 24776 | Spider:1 | 24776 ||| Stepping ~*~*~tactically~*~*~ (stealth).
 24778 | Spider:1 | 24778 ||| Stepping ~*~*~tactically~*~*~ (hiding).
 24792 | Spider:1 | 24792 ||| SWAPPING to +8 mithril axe "Arga" {speed, Will+}.
 24793 | Spider:1 | 24793 ||| DROPPING +2 broad axe of venom.
 25196 | Spider:2 | 25196 ||| Stepping ~*~*~tactically~*~*~ (hiding).
 25200 | Spider:2 | 25200 ||| INVOKING Heroism.
 25222 | Spider:2 | 25222 ||| Stepping ~*~*~tactically~*~*~ (stealth).
 25340 | Spider:2 | 25340 ||| Stepping ~*~*~tactically~*~*~ (stealth).
 25345 | Spider:2 | 25345 ||| Stepping ~*~*~tactically~*~*~ (stealth).
 25347 | Spider:2 | 25347 ||| Stepping ~*~*~tactically~*~*~ (stealth).
 25437 | Spider:2 | 25437 ||| DRINKING 13 potions of curing.
 25437 | Spider:2 | 25437 ||| (to cure confusion)
 25531 | Spider:2 | 25531 ||| Stepping ~*~*~tactically~*~*~ (hiding).
 25532 | Spider:2 | 25532 ||| Stepping ~*~*~tactically~*~*~ (hiding).
 25533 | Spider:2 | 25533 ||| INVOKING Heroism.
 25850 | Spider:2 | 25850 ||| FLEEEEING.
 25851 | Spider:2 | 25851 ||| FLEEEEING.
 25852 | Spider:2 | 25852 ||| FLEEEEING.
 25853 | Spider:2 | 25853 ||| FLEEEEING.
 25854 | Spider:2 | 25854 ||| FLEEEEING.
 25855 | Spider:2 | 25855 ||| FLEEEEING.
 25856 | Spider:2 | 25856 ||| FLEEEEING.
 25857 | Spider:2 | 25857 ||| FLEEEEING.
 25858 | Spider:2 | 25858 ||| FLEEEEING.
 25861 | Spider:2 | 25861 ||| FLEEEEING.
 25863 | Spider:2 | 25863 ||| FLEEEEING.
 25864 | Spider:2 | 25864 ||| FLEEEEING.
 25865 | Spider:2 | 25865 ||| FLEEEEING.
 25866 | Spider:2 | 25866 ||| FLEEEEING.
 25867 | Spider:2 | 25867 ||| FLEEEEING.
 25868 | Spider:2 | 25868 ||| FLEEEEING.
 25869 | Spider:2 | 25869 ||| FLEEEEING.
 25871 | Spider:2 | 25871 ||| FLEEEEING.
 25872 | Spider:2 | 25872 ||| FLEEEEING.
 25873 | Spider:2 | 25873 ||| FLEEEEING.
 25874 | Spider:2 | 25874 ||| FLEEEEING.
 25875 | Spider:2 | 25875 ||| FLEEEEING.
 25876 | Spider:2 | 25876 ||| FLEEEEING.
 25877 | Spider:2 | 25877 ||| FLEEEEING.
 25878 | Spider:2 | 25878 ||| FLEEEEING.
 25879 | Spider:2 | 25879 ||| FLEEEEING.
 25880 | Spider:2 | 25880 ||| FLEEEEING.
 25881 | Spider:2 | 25881 ||| FLEEEEING.
 25882 | Spider:2 | 25882 ||| FLEEEEING.
 25883 | Spider:2 | 25883 ||| FLEEEEING.
 25884 | Spider:2 | 25884 ||| FLEEEEING.
 25885 | Spider:2 | 25885 ||| FLEEEEING.
 25886 | Spider:2 | 25886 ||| FLEEEEING.
 25887 | Spider:2 | 25887 ||| FLEEEEING.
 25888 | Spider:2 | 25888 ||| FLEEEEING.
 25889 | Spider:2 | 25889 ||| FLEEEEING.
 25890 | Spider:2 | 25890 ||| FLEEEEING.
 25891 | Spider:2 | 25891 ||| FLEEEEING.
 25949 | Spider:2 | 25949 ||| INVOKING Heroism.
 26135 | Spider:2 | 26135 ||| FLEEEEING.
 26136 | Spider:2 | 26136 ||| FLEEEEING.
 26137 | Spider:2 | 26137 ||| Stepping ~*~*~tactically~*~*~ (stealth).
 26140 | Spider:2 | 26140 ||| INVOKING Heroism.
 26417 | Spider:2 | 26417 ||| Stepping ~*~*~tactically~*~*~ (hiding).
 26423 | Spider:2 | 26423 ||| INVOKING Heroism.
 26638 | Spider:3 | 26638 ||| INVOKING Heroism.
 26639 | Spider:3 | 26639 ||| STAIRDANCE
 26660 | Spider:3 | 26660 ||| STAIRDANCE
 26816 | Spider:3 | 26816 ||| Stepping ~*~*~tactically~*~*~ (hiding).
 26829 | Spider:3 | Reached XP level 17. HP: 93/108 MP: 24/24
 26863 | Spider:3 | 26863 ||| FLEEEEING.
 26864 | Spider:3 | 26864 ||| FLEEEEING.
 26865 | Spider:3 | 26865 ||| STAIRDANCE
 26926 | Spider:3 | 26926 ||| STAIRDANCE
 27010 | Spider:3 | 27010 ||| Stepping ~*~*~tactically~*~*~ (hiding).
 27011 | Spider:3 | 27011 ||| Stepping ~*~*~tactically~*~*~ (hiding).
 27012 | Spider:3 | 27012 ||| Stepping ~*~*~tactically~*~*~ (hiding).
 27013 | Spider:3 | 27013 ||| INVOKING Finesse.
 27121 | Spider:3 | 27121 ||| Stepping ~*~*~tactically~*~*~ (stealth).
 27124 | Spider:3 | Reached skill level 18 in Axes
 27129 | Spider:3 | Received a gift from Okawaru
 27132 | Spider:3 | 27132 ||| Stepping ~*~*~tactically~*~*~ (stealth).
 27133 | Spider:3 | 27133 ||| Stepping ~*~*~tactically~*~*~ (stealth).
 27156 | Spider:3 | 27156 ||| Stepping ~*~*~tactically~*~*~ (stealth).
 27157 | Spider:3 | 27157 ||| Stepping ~*~*~tactically~*~*~ (hiding).
 27158 | Spider:3 | 27158 ||| Stepping ~*~*~tactically~*~*~ (stealth).
 27159 | Spider:3 | 27159 ||| Stepping ~*~*~tactically~*~*~ (hiding).
 27162 | Spider:3 | 27162 ||| INVOKING Finesse.
 27184 | Spider:3 | 27184 ||| Stepping ~*~*~tactically~*~*~ (stealth).
 27185 | Spider:3 | 27185 ||| INVOKING Heroism.
 27256 | Spider:3 | 27256 ||| Stepping ~*~*~tactically~*~*~ (hiding).
 27259 | Spider:3 | 27259 ||| INVOKING Heroism.
 27333 | Spider:3 | 27333 ||| Stepping ~*~*~tactically~*~*~ (stealth).
 27334 | Spider:3 | 27334 ||| INVOKING Heroism.
 27382 | Spider:3 | 27382 ||| Stepping ~*~*~tactically~*~*~ (stealth).
 27395 | Spider:3 | 27395 ||| Stepping ~*~*~tactically~*~*~ (stealth).
 27396 | Spider:3 | 27396 ||| Stepping ~*~*~tactically~*~*~ (stealth).
 27658 | Spider:3 | 27658 ||| PLANNING SWAMP:1-3
 27658 | Spider:3 | 27658 ||| DROPPING +2 hat.
 27836 | Swamp:1  | Entered Level 1 of the Swamp
 27844 | Swamp:1  | 27844 ||| Stepping ~*~*~tactically~*~*~ (stealth).
 27849 | Swamp:1  | 27849 ||| INVOKING Heroism.
 27879 | Swamp:1  | 27879 ||| Stepping ~*~*~tactically~*~*~ (stealth).
 28029 | Swamp:1  | 28029 ||| INVOKING Heroism.
 28033 | Swamp:1  | 28033 ||| SWAPPING to +0 war axe of flaming.
 28039 | Swamp:1  | 28039 ||| SWAPPING to +8 mithril axe "Arga" {speed, Will+}.
 28243 | Swamp:1  | 28243 ||| READING scroll of acquirement.
 28243 | Swamp:1  | 28243 ||| ACQUIRING ring "Rufor" {rCorr Str+4 Int+5}
 28243 | Swamp:1  | Acquired the ring "Rufor" {rCorr Str+4 Int+5}
 28245 | Swamp:1  | 28245 ||| DROPPING ring of positive energy.
 28279 | Swamp:1  | 28279 ||| INVOKING Heroism.
 28316 | Swamp:1  | 28316 ||| SWAPPING to +0 war axe of flaming.
 28327 | Swamp:1  | 28327 ||| SWAPPING to +8 mithril axe "Arga" {speed, Will+}.
 28414 | Swamp:1  | Noticed Mlioglotl
 28415 | Swamp:1  | 28415 ||| INVOKING Heroism.
 28416 | Swamp:1  | 28416 ||| INVOKING Finesse.
 28421 | Swamp:1  | 28421 ||| Stepping ~*~*~tactically~*~*~ (stealth).
 28429 | Swamp:1  | Killed Mlioglotl
 28430 | Swamp:1  | Reached skill level 14 in Shields
 28519 | Swamp:1  | 28519 ||| INVOKING Heroism.
 28521 | Swamp:1  | 28521 ||| SWAPPING to +0 war axe of flaming.
 28527 | Swamp:1  | 28527 ||| SWAPPING to +8 mithril axe "Arga" {speed, Will+}.
 28770 | Swamp:1  | 28770 ||| UPGRADING to ring "Rufor" {rCorr Str+4 Int+5}.
 28772 | Swamp:1  | 28772 ||| UPGRADING to +4 plate armour of cold resistance.
 28809 | Swamp:2  | 28809 ||| STAIRDANCE
 28812 | Swamp:2  | Noticed Donald
 28813 | Swamp:2  | 28813 ||| STAIRDANCE
 28899 | Swamp:2  | 28899 ||| STAIRDANCE
 28909 | Swamp:2  | 28909 ||| STAIRDANCE
 28911 | Swamp:1  | 28911 ||| INVOKING Heroism.
 28917 | Swamp:1  | Killed Donald
 29126 | Swamp:2  | 29126 ||| Stepping ~*~*~tactically~*~*~ (stealth).
 29135 | Swamp:2  | 29135 ||| Stepping ~*~*~tactically~*~*~ (stealth).
 29150 | Swamp:2  | 29150 ||| Stepping ~*~*~tactically~*~*~ (hiding).
 29152 | Swamp:2  | 29152 ||| Stepping ~*~*~tactically~*~*~ (stealth).
 29157 | Swamp:2  | 29157 ||| INVOKING Heroism.
 29162 | Swamp:2  | 29162 ||| Stepping ~*~*~tactically~*~*~ (hiding).
 29171 | Swamp:2  | 29171 ||| Stepping ~*~*~tactically~*~*~ (hiding).
 29299 | Swamp:2  | Noticed a tentacled monstrosity
 29313 | Swamp:2  | 29313 ||| INVOKING Heroism.
 29314 | Swamp:2  | 29314 ||| INVOKING Finesse.
 29322 | Swamp:2  | Killed a tentacled monstrosity
 29386 | Swamp:2  | 29386 ||| Stepping ~*~*~tactically~*~*~ (hiding).
 29455 | Swamp:2  | 29455 ||| Stepping ~*~*~tactically~*~*~ (hiding).
 29456 | Swamp:2  | 29456 ||| Stepping ~*~*~tactically~*~*~ (hiding).
 29461 | Swamp:2  | 29461 ||| INVOKING Heroism.
 29470 | Swamp:2  | Received a gift from Okawaru
 29523 | Swamp:2  | 29523 ||| FLEEEEING.
 29524 | Swamp:2  | 29524 ||| FLEEEEING.
 29525 | Swamp:2  | 29525 ||| FLEEEEING.
 29526 | Swamp:2  | 29526 ||| FLEEEEING.
 29527 | Swamp:2  | 29527 ||| FLEEEEING.
 29544 | Swamp:2  | 29544 ||| FLEEEEING.
 29587 | Swamp:2  | 29587 ||| Stepping ~*~*~tactically~*~*~ (hiding).
 29623 | Swamp:2  | 29623 ||| Stepping ~*~*~tactically~*~*~ (stealth).
 29666 | Swamp:2  | 29666 ||| Stepping ~*~*~tactically~*~*~ (stealth).
 29667 | Swamp:2  | 29667 ||| Stepping ~*~*~tactically~*~*~ (stealth).
 29670 | Swamp:2  | 29670 ||| Stepping ~*~*~tactically~*~*~ (hiding).
 29797 | Swamp:2  | 29797 ||| Stepping ~*~*~tactically~*~*~ (stealth).
 30027 | Swamp:3  | 30027 ||| STAIRDANCE
 30055 | Swamp:3  | 30055 ||| INVOKING Heroism.
 30056 | Swamp:3  | 30056 ||| SWAPPING to +0 war axe of flaming.
 30063 | Swamp:3  | 30063 ||| SWAPPING to +8 mithril axe "Arga" {speed, Will+}.
 30083 | Swamp:3  | 30083 ||| Stepping ~*~*~tactically~*~*~ (hiding).
 30176 | Swamp:3  | 30176 ||| Stepping ~*~*~tactically~*~*~ (hiding).
 30222 | Swamp:3  | 30222 ||| Stepping ~*~*~tactically~*~*~ (hiding).
 30228 | Swamp:3  | Received a gift from Okawaru
 30261 | Swamp:3  | 30261 ||| Stepping ~*~*~tactically~*~*~ (stealth).
 30358 | Swamp:3  | Identified the +4 plate armour "Xugop" {rPois Str+2 Stlth-}
 30432 | Swamp:3  | 30432 ||| INVOKING Heroism.
 30435 | Swamp:3  | 30435 ||| SWAPPING to +0 war axe of flaming.
 30442 | Swamp:3  | 30442 ||| SWAPPING to +8 mithril axe "Arga" {speed, Will+}.
 30604 | Swamp:3  | 30604 ||| Stepping ~*~*~tactically~*~*~ (hiding).
 30843 | Swamp:3  | 30843 ||| PLANNING SPIDER:4
 30843 | Swamp:3  | 30843 ||| UPGRADING to +2 pair of boots.
 30853 | Swamp:3  | 30853 ||| DROPPING +0 pair of boots.
 30854 | Swamp:3  | 30854 ||| DROPPING +1 pair of boots.
 30855 | Swamp:3  | 30855 ||| DROPPING amulet of reflection.
 31063 | Spider:4 | Entered Level 4 of the Spider Nest
 31064 | Spider:4 | 31064 ||| STAIRDANCE
 31184 | Spider:4 | 31184 ||| STAIRDANCE
 31186 | Spider:3 | 31186 ||| INVOKING Heroism.
 31187 | Spider:3 | Received a gift from Okawaru
 31304 | Spider:4 | 31304 ||| STAIRDANCE
 31341 | Spider:4 | 31341 ||| INVOKING Heroism.
 31342 | Spider:4 | 31342 ||| STAIRDANCE
 31353 | Spider:4 | 31353 ||| STAIRDANCE
 31361 | Spider:4 | 31361 ||| STAIRDANCE
 31433 | Spider:4 | 31433 ||| INVOKING Finesse.
 31441 | Spider:4 | 31441 ||| INVOKING Heroism.
 31453 | Spider:4 | Reached skill level 15 in Fighting
 31481 | Spider:4 | Reached XP level 18. HP: 47/119 MP: 21/25
 31482 | Spider:4 | 31482 ||| FLEEEEING.
 31483 | Spider:4 | 31483 ||| FLEEEEING.
 31484 | Spider:4 | 31484 ||| FLEEEEING.
 31485 | Spider:4 | 31485 ||| FLEEEEING.
 31486 | Spider:4 | 31486 ||| FLEEEEING.
 31487 | Spider:4 | 31487 ||| STAIRDANCE
 31727 | Spider:3 | 31727 ||| DROPPING +0 war axe of flaming.
 31730 | Spider:4 | 31730 ||| STAIRDANCE
 31835 | Spider:4 | 31835 ||| INVOKING Heroism.
 31859 | Spider:4 | Received a gift from Okawaru
 31868 | Spider:4 | 31868 ||| Stepping ~*~*~tactically~*~*~ (stealth).
 31906 | Spider:4 | 31906 ||| FLEEEEING.
 31907 | Spider:4 | 31907 ||| FLEEEEING.
 31908 | Spider:4 | 31908 ||| FLEEEEING.
 31909 | Spider:4 | 31909 ||| FLEEEEING.
 31910 | Spider:4 | 31910 ||| FLEEEEING.
 31911 | Spider:4 | 31911 ||| FLEEEEING.
 31912 | Spider:4 | 31912 ||| STAIRDANCE
 32128 | Spider:4 | Noticed Nikola
 32129 | Spider:4 | 32129 ||| Stepping ~*~*~tactically~*~*~ (stealth).
 32130 | Spider:4 | 32130 ||| Stepping ~*~*~tactically~*~*~ (stealth).
 32131 | Spider:4 | 32131 ||| Stepping ~*~*~tactically~*~*~ (stealth).
 32132 | Spider:4 | 32132 ||| Stepping ~*~*~tactically~*~*~ (stealth).
 32133 | Spider:4 | 32133 ||| Stepping ~*~*~tactically~*~*~ (stealth).
 32134 | Spider:4 | 32134 ||| Stepping ~*~*~tactically~*~*~ (stealth).
 32136 | Spider:4 | 32136 ||| Stepping ~*~*~tactically~*~*~ (hiding).
 32139 | Spider:4 | 32139 ||| INVOKING Heroism.
 32152 | Spider:4 | Killed Nikola
 32210 | Spider:4 | 32210 ||| Stepping ~*~*~tactically~*~*~ (stealth).
 32247 | Spider:4 | 32247 ||| Stepping ~*~*~tactically~*~*~ (stealth).
 32253 | Spider:4 | 32253 ||| Stepping ~*~*~tactically~*~*~ (stealth).
 32255 | Spider:4 | 32255 ||| Stepping ~*~*~tactically~*~*~ (stealth).
 32264 | Spider:4 | 32264 ||| FLEEEEING.
 32265 | Spider:4 | 32265 ||| Stepping ~*~*~tactically~*~*~ (hiding).
 32286 | Spider:4 | 32286 ||| FLEEEEING.
 32287 | Spider:4 | 32287 ||| STAIRDANCE
 32417 | Spider:4 | 32417 ||| INVOKING Heroism.
 32461 | Spider:4 | 32461 ||| INVOKING Heroism.
 32500 | Spider:4 | Gained mutation: You are weak. (Str -2) [mutagenic glow]
 32851 | Spider:4 | 32851 ||| Stepping ~*~*~tactically~*~*~ (hiding).
 32861 | Spider:4 | 32861 ||| INVOKING Heroism.
 32904 | Spider:4 | 32904 ||| INVOKING Heroism.
 32905 | Spider:4 | 32905 ||| Stepping ~*~*~tactically~*~*~ (hiding).
 32950 | Spider:4 | 32950 ||| FLEEEEING.
 32953 | Spider:4 | 32953 ||| FLEEEEING.
 32957 | Spider:4 | 32957 ||| STAIRDANCE
 33163 | Spider:4 | 33163 ||| Stepping ~*~*~tactically~*~*~ (stealth).
 33165 | Spider:4 | 33165 ||| Stepping ~*~*~tactically~*~*~ (hiding).
 33167 | Spider:4 | 33167 ||| Stepping ~*~*~tactically~*~*~ (stealth).
 33211 | Spider:4 | 33211 ||| Stepping ~*~*~tactically~*~*~ (stealth).
 33212 | Spider:4 | 33212 ||| Stepping ~*~*~tactically~*~*~ (stealth).
 33227 | Spider:4 | Reached skill level 15 in Armour
 33315 | Spider:4 | 33315 ||| Stepping ~*~*~tactically~*~*~ (stealth).
 33318 | Spider:4 | 33318 ||| Stepping ~*~*~tactically~*~*~ (stealth).
 33319 | Spider:4 | 33319 ||| Stepping ~*~*~tactically~*~*~ (stealth).
 33431 | Spider:4 | 33431 ||| INVOKING Heroism.
 33445 | Spider:4 | Received a gift from Okawaru
 33642 | Spider:4 | Got a gossamer rune of Zot
 33945 | Spider:4 | 33945 ||| PLANNING VAULTS:1-4
 34235 | Vaults:1 | Entered Level 1 of the Vaults
 34247 | Vaults:1 | 34247 ||| INVOKING Heroism.
 34253 | Vaults:1 | 34253 ||| Stepping ~*~*~tactically~*~*~ (stealth).
 34287 | Vaults:1 | 34287 ||| Stepping ~*~*~tactically~*~*~ (hiding).
 34396 | Vaults:1 | 34396 ||| Stepping ~*~*~tactically~*~*~ (hiding).
 34397 | Vaults:1 | 34397 ||| Stepping ~*~*~tactically~*~*~ (hiding).
 34428 | Vaults:1 | 34428 ||| Stepping ~*~*~tactically~*~*~ (stealth).
 34430 | Vaults:1 | 34430 ||| Stepping ~*~*~tactically~*~*~ (stealth).
 34443 | Vaults:1 | Received a gift from Okawaru
 34478 | Vaults:1 | 34478 ||| INVOKING Heroism.
 34483 | Vaults:1 | Reached skill level 9 in Throwing
 34495 | Vaults:1 | Reached skill level 15 in Shields
 34687 | Vaults:1 | 34687 ||| Stepping ~*~*~tactically~*~*~ (hiding).
 34726 | Vaults:1 | 34726 ||| INVOKING Heroism.
 35133 | Vaults:1 | 35133 ||| Stepping ~*~*~tactically~*~*~ (stealth).
 35135 | Vaults:1 | 35135 ||| INVOKING Heroism.
 35183 | Vaults:1 | Found Aviezir's Assorted Antiques.
 35202 | Vaults:1 | 35202 ||| BUYING glowing helmet (172 gold).
 35202 | Vaults:1 | Bought a glowing helmet for 172 gold pieces
 35202 | Vaults:1 | 35202 ||| BUYING scroll of enchant weapon (172 gold).
 35202 | Vaults:1 | Bought a scroll of enchant weapon for 172 gold pieces
 35202 | Vaults:1 | 35202 ||| BUYING scroll of teleportation (69 gold).
 35202 | Vaults:1 | Bought a scroll of teleportation for 69 gold pieces
 35324 | Vaults:1 | 35324 ||| INVOKING Heroism.
 35325 | Vaults:1 | 35325 ||| INVOKING Finesse.
 35639 | Vaults:1 | Found Dacaorchu's Antique Armour Shop.
 35653 | Vaults:1 | 35653 ||| BUYING glowing helmet (150 gold).
 35653 | Vaults:1 | Bought a glowing helmet for 150 gold pieces
 35653 | Vaults:1 | 35653 ||| SHOPLISTING runed shadow dragon scales (1660
                  | gold, have 1086).
 35776 | Vaults:1 | Found Pooloc's Distillery.
 35785 | Vaults:1 | 35785 ||| BUYING 2 potions of magic (272 gold).
 35785 | Vaults:1 | Bought 2 potions of magic for 272 gold pieces
 35785 | Vaults:1 | 35785 ||| BUYING potion of curing (51 gold).
 35785 | Vaults:1 | Bought a potion of curing for 51 gold pieces
 35785 | Vaults:1 | 35785 ||| BUYING potion of curing (51 gold).
 35785 | Vaults:1 | Bought a potion of curing for 51 gold pieces
 35785 | Vaults:1 | 35785 ||| BUYING potion of curing (51 gold).
 35785 | Vaults:1 | Bought a potion of curing for 51 gold pieces
 35785 | Vaults:1 | 35785 ||| BUYING potion of haste (170 gold).
 35785 | Vaults:1 | Bought a potion of haste for 170 gold pieces
 35785 | Vaults:1 | 35785 ||| BUYING potion of heal wounds (85 gold).
 35785 | Vaults:1 | Bought a potion of heal wounds for 85 gold pieces
 35785 | Vaults:1 | 35785 ||| BUYING potion of heal wounds (85 gold).
 35785 | Vaults:1 | Bought a potion of heal wounds for 85 gold pieces
 35785 | Vaults:1 | 35785 ||| BUYING potion of might (68 gold).
 35785 | Vaults:1 | Bought a potion of might for 68 gold pieces
 35795 | Vaults:1 | 35795 ||| INVOKING Heroism.
 35813 | Vaults:1 | Received a gift from Okawaru
 35886 | Vaults:1 | Found Bynusizoz's Distillery.
 35894 | Vaults:1 | 35894 ||| BUYING 2 potions of lignification (84 gold).
 35894 | Vaults:1 | Bought 2 potions of lignification for 84 gold pieces
 35894 | Vaults:1 | 35894 ||| BUYING potion of curing (42 gold).
 35894 | Vaults:1 | Bought a potion of curing for 42 gold pieces
 35894 | Vaults:1 | 35894 ||| BUYING potion of curing (42 gold).
 35894 | Vaults:1 | Bought a potion of curing for 42 gold pieces
 35894 | Vaults:1 | 35894 ||| BUYING potion of curing (42 gold).
 35894 | Vaults:1 | Bought a potion of curing for 42 gold pieces
 35894 | Vaults:1 | 35894 ||| SHOPLISTING potion of heal wounds (70 gold, have
                  | 43).
 35894 | Vaults:1 | 35894 ||| SHOPLISTING potion of might (56 gold, have 43).
 35894 | Vaults:1 | 35894 ||| SHOPLISTING potion of mutation (112 gold, have
                  | 43).
 35937 | Vaults:1 | Found a transporter.
 35939 | Vaults:1 | Found a shimmering blue altar of Sif Muna.
 36020 | Vaults:1 | Noticed an ancient lich
 36137 | Vaults:1 | 36137 ||| Stepping ~*~*~tactically~*~*~ (hiding).
 36140 | Vaults:1 | 36140 ||| INVOKING Heroism.
 36141 | Vaults:1 | 36141 ||| INVOKING Finesse.
 36164 | Vaults:1 | Killed an ancient lich
 36164 | Vaults:1 | Received a gift from Okawaru
 36165 | Vaults:1 | Reached XP level 19. HP: 125/125 MP: 19/26
 36274 | Vaults:1 | Identified the +6 demon trident "Yrghisem" {venom, rElec
                  | rPois rN++} (Okawaru gifted it to you on level 1 of the
                  | Vaults)
 36274 | Vaults:1 | Received a gift from Okawaru
 36398 | Vaults:1 | 36398 ||| UPGRADING to +2 helmet of see invisible.
 36408 | Vaults:1 | 36408 ||| DROPPING +2 helmet.
 36409 | Vaults:1 | 36409 ||| DROPPING +2 helmet of intelligence.
 36410 | Vaults:1 | 36410 ||| DROPPING ring of wizardry.
 36411 | Vaults:1 | 36411 ||| UPGRADING to +6 ring of strength.
 36667 | Vaults:2 | 36667 ||| Stepping ~*~*~tactically~*~*~ (hiding).
 36706 | Vaults:2 | 36706 ||| Stepping ~*~*~tactically~*~*~ (hiding).
 36715 | Vaults:2 | 36715 ||| INVOKING Heroism.
 36778 | Vaults:2 | 36778 ||| INVOKING Heroism.
 36987 | Vaults:2 | 36987 ||| Stepping ~*~*~tactically~*~*~ (hiding).
 36993 | Vaults:2 | 36993 ||| INVOKING Heroism.
 37040 | Vaults:2 | 37040 ||| Stepping ~*~*~tactically~*~*~ (hiding).
 37170 | Vaults:2 | 37170 ||| Stepping ~*~*~tactically~*~*~ (stealth).
 37171 | Vaults:2 | 37171 ||| Stepping ~*~*~tactically~*~*~ (stealth).
 37175 | Vaults:2 | 37175 ||| INVOKING Heroism.
 37458 | Vaults:2 | Found a staircase to the Crypt.
 37459 | Vaults:2 | 37459 ||| Stepping ~*~*~tactically~*~*~ (hiding).
 37462 | Vaults:2 | 37462 ||| INVOKING Heroism.
 37491 | Vaults:2 | 37491 ||| Stepping ~*~*~tactically~*~*~ (hiding).
 37504 | Vaults:2 | Reached skill level 6 in Dodging
 37730 | Vaults:2 | Noticed Aizul
 37731 | Vaults:2 | 37731 ||| Stepping ~*~*~tactically~*~*~ (hiding).
 37732 | Vaults:2 | 37732 ||| INVOKING Heroism.
 37733 | Vaults:2 | 37733 ||| INVOKING Finesse.
 37750 | Vaults:2 | Killed Aizul
 37827 | Vaults:2 | 37827 ||| INVOKING Heroism.
 38027 | Vaults:2 | 38027 ||| INVOKING Heroism.
 38219 | Vaults:2 | 38219 ||| INVOKING Heroism.
 38338 | Vaults:2 | 38338 ||| INVOKING Heroism.
 38439 | Vaults:3 | You are sucked into a shaft and drop 1 floor!
 38449 | Vaults:4 | 38449 ||| Stepping ~*~*~tactically~*~*~ (stealth).
 38456 | Vaults:4 | 38456 ||| INVOKING Heroism.
 38463 | Vaults:4 | Received a gift from Okawaru
 38481 | Vaults:4 | 38481 ||| Stepping ~*~*~tactically~*~*~ (stealth).
 38507 | Vaults:4 | 38507 ||| Stepping ~*~*~tactically~*~*~ (stealth).
 38557 | Vaults:4 | 38557 ||| INVOKING Heroism.
 38561 | Vaults:4 | 38561 ||| Stepping ~*~*~tactically~*~*~ (hiding).
 38564 | Vaults:4 | 38564 ||| Stepping ~*~*~tactically~*~*~ (hiding).
 38621 | Vaults:4 | 38621 ||| Stepping ~*~*~tactically~*~*~ (stealth).
 38625 | Vaults:4 | 38625 ||| Stepping ~*~*~tactically~*~*~ (stealth).
 38643 | Vaults:4 | Reached skill level 16 in Shields
 38687 | Vaults:4 | Received a gift from Okawaru
 38920 | Vaults:4 | 38920 ||| Stepping ~*~*~tactically~*~*~ (stealth).
 38923 | Vaults:4 | 38923 ||| INVOKING Heroism.
 38924 | Vaults:4 | 38924 ||| INVOKING Finesse.
 38924 | Vaults:4 | Noticed Zenata
 38925 | Vaults:4 | 38925 ||| Stepping ~*~*~tactically~*~*~ (stealth).
 38932 | Vaults:4 | 38932 ||| Stepping ~*~*~tactically~*~*~ (hiding).
 38945 | Vaults:4 | Received a gift from Okawaru
 38958 | Vaults:4 | Killed Zenata
 38968 | Vaults:4 | 38968 ||| Stepping ~*~*~tactically~*~*~ (stealth).
 39101 | Vaults:4 | 39101 ||| INVOKING Heroism.
 39153 | Vaults:4 | Reached XP level 20. HP: 44/134 MP: 27/27
 39156 | Vaults:4 | 39156 ||| Stepping ~*~*~tactically~*~*~ (hiding).
 39161 | Vaults:4 | 39161 ||| INVOKING Heroism.
 39509 | Vaults:4 | 39509 ||| Stepping ~*~*~tactically~*~*~ (hiding).
 39511 | Vaults:4 | 39511 ||| Stepping ~*~*~tactically~*~*~ (hiding).
 39517 | Vaults:4 | 39517 ||| INVOKING Heroism.
 39518 | Vaults:4 | Received a gift from Okawaru
 39743 | Vaults:4 | Reached skill level 18 in Fighting
 39761 | Vaults:3 | 39761 ||| INVOKING Heroism.
 39765 | Vaults:3 | 39765 ||| Stepping ~*~*~tactically~*~*~ (stealth).
 39779 | Vaults:3 | Received a gift from Okawaru
 39901 | Vaults:3 | 39901 ||| Stepping ~*~*~tactically~*~*~ (stealth).
 39903 | Vaults:3 | 39903 ||| Stepping ~*~*~tactically~*~*~ (stealth).
 39905 | Vaults:3 | 39905 ||| INVOKING Heroism.
 40063 | Vaults:3 | 40063 ||| INVOKING Finesse.
 40068 | Vaults:3 | 40068 ||| INVOKING Heroism.
 40206 | Vaults:3 | 40206 ||| Stepping ~*~*~tactically~*~*~ (hiding).
 40264 | Vaults:3 | 40264 ||| INVOKING Heroism.
 40281 | Vaults:3 | Reached skill level 18 in Armour
 40292 | Vaults:3 | 40292 ||| Stepping ~*~*~tactically~*~*~ (hiding).
 40321 | Vaults:3 | 40321 ||| INVOKING Heroism.
 40403 | Vaults:3 | 40403 ||| INVOKING Heroism.
 40430 | Vaults:3 | 40430 ||| Stepping ~*~*~tactically~*~*~ (hiding).
 40431 | Vaults:3 | Received a gift from Okawaru
 40473 | Vaults:3 | 40473 ||| Stepping ~*~*~tactically~*~*~ (hiding).
 40508 | Vaults:3 | 40508 ||| Stepping ~*~*~tactically~*~*~ (hiding).
 40648 | Vaults:3 | 40648 ||| Stepping ~*~*~tactically~*~*~ (stealth).
 40649 | Vaults:3 | 40649 ||| INVOKING Heroism.
 40693 | Vaults:3 | 40693 ||| INVOKING Heroism.
 40925 | Vaults:3 | Found Gozag's Antique Armour Boutique.
 40930 | Vaults:3 | Found an opulent altar of Gozag.
 40931 | Vaults:3 | Found Gozag's Assorted Antiques.
 40947 | Vaults:3 | 40947 ||| Stepping ~*~*~tactically~*~*~ (hiding).
 40990 | Vaults:3 | Found Gozag's Assorted Antiques.
 40993 | Vaults:3 | 40993 ||| SHOPLISTING glowing helmet (750 gold, have 610).
 40993 | Vaults:3 | 40993 ||| BUYING potion of curing (300 gold).
 40993 | Vaults:3 | Bought a potion of curing for 300 gold pieces
 40993 | Vaults:3 | 40993 ||| BUYING scroll of teleportation (300 gold).
 40993 | Vaults:3 | Bought a scroll of teleportation for 300 gold pieces
 40993 | Vaults:3 | 40993 ||| SHOPLISTING wand of digging (4) (1680 gold, have
                  | 10).
 41007 | Vaults:3 | 41007 ||| SHOPLISTING potion of haste (1000 gold, have 10).
 41007 | Vaults:3 | 41007 ||| SHOPLISTING scroll of teleportation (300 gold,
                  | have 10).
 41027 | Vaults:3 | 41027 ||| INVOKING Heroism.
 41154 | Vaults:3 | 41154 ||| INVOKING Finesse.
 41195 | Vaults:3 | Found Icev's Distillery.
 41199 | Vaults:3 | 41199 ||| BUYING potion of curing (42 gold).
 41199 | Vaults:3 | Bought a potion of curing for 42 gold pieces
 41199 | Vaults:3 | 41199 ||| BUYING potion of lignification (42 gold).
 41199 | Vaults:3 | Bought a potion of lignification for 42 gold pieces
 41199 | Vaults:3 | 41199 ||| BUYING potion of might (56 gold).
 41199 | Vaults:3 | Bought a potion of might for 56 gold pieces
 41199 | Vaults:3 | 41199 ||| BUYING potion of resistance (140 gold).
 41199 | Vaults:3 | Bought a potion of resistance for 140 gold pieces
 41309 | Vaults:3 | 41309 ||| Stepping ~*~*~tactically~*~*~ (stealth).
 41311 | Vaults:3 | 41311 ||| Stepping ~*~*~tactically~*~*~ (hiding).
 41339 | Vaults:3 | 41339 ||| INVOKING Heroism.
 41592 | Vaults:3 | 41592 ||| Stepping ~*~*~tactically~*~*~ (stealth).
 41593 | Vaults:3 | 41593 ||| INVOKING Heroism.
 41599 | Vaults:3 | Received a gift from Okawaru
 41643 | Vaults:3 | Reached skill level 17 in Shields
 42161 | Vaults:4 | 42161 ||| Stepping ~*~*~tactically~*~*~ (stealth).
 42173 | Vaults:4 | 42173 ||| INVOKING Heroism.
 42175 | Vaults:4 | Received a gift from Okawaru
 42233 | Vaults:4 | 42233 ||| INVOKING Heroism.
 42238 | Vaults:4 | 42238 ||| Stepping ~*~*~tactically~*~*~ (hiding).
 42419 | Vaults:4 | 42419 ||| Stepping ~*~*~tactically~*~*~ (hiding).
 42421 | Vaults:4 | 42421 ||| INVOKING Heroism.
 42431 | Vaults:4 | Reached XP level 21. HP: 127/144 MP: 26/28
 42550 | Vaults:4 | Reached ****** piety under Okawaru
 42555 | Vaults:4 | Received a gift from Okawaru
 42643 | Vaults:4 | 42643 ||| Stepping ~*~*~tactically~*~*~ (hiding).
 42830 | Vaults:4 | 42830 ||| PLANNING SWAMP:4
 42830 | Vaults:4 | 42830 ||| UPGRADING to +0 tower shield.
 42840 | Vaults:4 | 42840 ||| DROPPING +0 kite shield.
 43198 | Swamp:4  | Entered Level 4 of the Swamp
 43202 | Swamp:4  | 43202 ||| INVOKING Heroism.
 43241 | Swamp:4  | 43241 ||| Stepping ~*~*~tactically~*~*~ (stealth).
 43242 | Swamp:4  | 43242 ||| Stepping ~*~*~tactically~*~*~ (stealth).
 43245 | Swamp:4  | 43245 ||| Stepping ~*~*~tactically~*~*~ (stealth).
 43275 | Swamp:4  | 43275 ||| Stepping ~*~*~tactically~*~*~ (stealth).
 43276 | Swamp:4  | 43276 ||| Stepping ~*~*~tactically~*~*~ (stealth).
 43277 | Swamp:4  | 43277 ||| Stepping ~*~*~tactically~*~*~ (stealth).
 43278 | Swamp:4  | 43278 ||| Stepping ~*~*~tactically~*~*~ (stealth).
 43491 | Swamp:4  | 43491 ||| Stepping ~*~*~tactically~*~*~ (hiding).
 43502 | Swamp:4  | 43502 ||| Stepping ~*~*~tactically~*~*~ (stealth).
 43504 | Swamp:4  | 43504 ||| Stepping ~*~*~tactically~*~*~ (stealth).
 43505 | Swamp:4  | 43505 ||| Stepping ~*~*~tactically~*~*~ (stealth).
 43519 | Swamp:4  | 43519 ||| FLEEEEING.
 43520 | Swamp:4  | 43520 ||| FLEEEEING.
 43521 | Swamp:4  | 43521 ||| FLEEEEING.
 43522 | Swamp:4  | 43522 ||| FLEEEEING.
 43523 | Swamp:4  | 43523 ||| FLEEEEING.
 43524 | Swamp:4  | 43524 ||| FLEEEEING.
 43525 | Swamp:4  | 43525 ||| FLEEEEING.
 43526 | Swamp:4  | 43526 ||| FLEEEEING.
 43527 | Swamp:4  | 43527 ||| FLEEEEING.
 43531 | Swamp:4  | 43531 ||| STAIRDANCE
 43590 | Swamp:4  | Identified the +0 robe of the Doldrums {*Corrode rPois
                  | Str+7 Int+4} (Okawaru gifted it to you on level 4 of the
                  | Swamp)
 43590 | Swamp:4  | Received a gift from Okawaru
 43612 | Swamp:4  | 43612 ||| INVOKING Heroism.
 43664 | Swamp:4  | 43664 ||| FLEEEEING.
 43665 | Swamp:4  | 43665 ||| FLEEEEING.
 43666 | Swamp:4  | 43666 ||| FLEEEEING.
 43667 | Swamp:4  | 43667 ||| FLEEEEING.
 43669 | Swamp:4  | 43669 ||| FLEEEEING.
 43670 | Swamp:4  | 43670 ||| FLEEEEING.
 43671 | Swamp:4  | 43671 ||| FLEEEEING.
 43672 | Swamp:4  | 43672 ||| FLEEEEING.
 43678 | Swamp:4  | 43678 ||| FLEEEEING.
 43679 | Swamp:4  | 43679 ||| FLEEEEING.
 43680 | Swamp:4  | 43680 ||| FLEEEEING.
 43681 | Swamp:4  | 43681 ||| FLEEEEING.
 43682 | Swamp:4  | 43682 ||| FLEEEEING.
 43683 | Swamp:4  | 43683 ||| FLEEEEING.
 43684 | Swamp:4  | 43684 ||| FLEEEEING.
 43685 | Swamp:4  | 43685 ||| FLEEEEING.
 43686 | Swamp:4  | 43686 ||| FLEEEEING.
 43691 | Swamp:4  | 43691 ||| FLEEEEING.
 43692 | Swamp:4  | 43692 ||| FLEEEEING.
 43696 | Swamp:4  | 43696 ||| Stepping ~*~*~tactically~*~*~ (stealth).
 43697 | Swamp:4  | 43697 ||| Stepping ~*~*~tactically~*~*~ (stealth).
 43698 | Swamp:4  | 43698 ||| Stepping ~*~*~tactically~*~*~ (stealth).
 43943 | Swamp:4  | 43943 ||| PLANNING SWAMP:1-3
 43962 | Swamp:3  | 43962 ||| PLANNING SWAMP:4
 43964 | Swamp:4  | 43964 ||| PLANNING SWAMP:1-3
 43964 | Swamp:4  | 43964 ||| READING 20 scrolls of teleportation.
 43965 | Swamp:4  | 43965 ||| STAIRDANCE
 43968 | Swamp:3  | 43968 ||| PLANNING SWAMP:4
 44064 | Swamp:4  | 44064 ||| PLANNING SWAMP:1-3
 44097 | Swamp:3  | 44097 ||| PLANNING SWAMP:4
 44099 | Swamp:4  | 44099 ||| PLANNING SWAMP:1-3
 44099 | Swamp:4  | 44099 ||| READING 19 scrolls of teleportation.
 44100 | Swamp:4  | 44100 ||| STAIRDANCE
 44103 | Swamp:3  | 44103 ||| PLANNING SWAMP:4
 44184 | Swamp:4  | 44184 ||| Stepping randomly (Swamp:4).
 44197 | Swamp:4  | 44197 ||| PLANNING SWAMP:1-3
 44231 | Swamp:3  | 44231 ||| PLANNING SWAMP:4
 44233 | Swamp:4  | 44233 ||| PLANNING SWAMP:1-3
 44233 | Swamp:4  | 44233 ||| READING 18 scrolls of teleportation.
 44234 | Swamp:4  | 44234 ||| STAIRDANCE
 44237 | Swamp:3  | 44237 ||| PLANNING SWAMP:4
 44286 | Swamp:4  | 44286 ||| PLANNING SWAMP:1-3
 44319 | Swamp:3  | 44319 ||| PLANNING SWAMP:4
 44321 | Swamp:4  | 44321 ||| PLANNING SWAMP:1-3
 44321 | Swamp:4  | 44321 ||| READING 17 scrolls of teleportation.
 44322 | Swamp:4  | 44322 ||| STAIRDANCE
 44326 | Swamp:3  | 44326 ||| PLANNING SWAMP:4
 44429 | Swamp:4  | 44429 ||| Stepping ~*~*~tactically~*~*~ (stealth).
 44430 | Swamp:4  | 44430 ||| Stepping ~*~*~tactically~*~*~ (cloud).
 44431 | Swamp:4  | 44431 ||| PLANNING SWAMP:1-3
 44465 | Swamp:3  | 44465 ||| PLANNING SWAMP:4
 44467 | Swamp:4  | 44467 ||| PLANNING SWAMP:1-3
 44467 | Swamp:4  | 44467 ||| READING 16 scrolls of teleportation.
 44468 | Swamp:4  | 44468 ||| STAIRDANCE
 44471 | Swamp:3  | 44471 ||| PLANNING SWAMP:4
 44531 | Swamp:4  | 44531 ||| PLANNING SWAMP:1-3
 44560 | Swamp:3  | 44560 ||| PLANNING SWAMP:4
 44562 | Swamp:4  | 44562 ||| PLANNING SWAMP:1-3
 44562 | Swamp:4  | 44562 ||| READING 15 scrolls of teleportation.
 44563 | Swamp:4  | 44563 ||| STAIRDANCE
 44566 | Swamp:3  | 44566 ||| PLANNING SWAMP:4
 44716 | Swamp:4  | 44716 ||| Stepping ~*~*~tactically~*~*~ (stealth).
 44719 | Swamp:4  | 44719 ||| INVOKING Heroism.
 44742 | Swamp:4  | Reached skill level 18 in Shields
 44805 | Swamp:4  | 44805 ||| PLANNING SWAMP:1-3
 44838 | Swamp:4  | 44838 ||| READING scroll of acquirement.
 44838 | Swamp:4  | 44838 ||| ACQUIRING +1 hat "Daxam" {rCorr Int+4}
 44838 | Swamp:4  | Acquired the +1 hat "Daxam" {rCorr Int+4}
 44844 | Swamp:4  | 44844 ||| Stepping ~*~*~tactically~*~*~ (cloud).
 44856 | Swamp:4  | 44856 ||| Stepping ~*~*~tactically~*~*~ (cloud).
 44859 | Swamp:4  | 44859 ||| Stepping ~*~*~tactically~*~*~ (cloud).
 44904 | Swamp:4  | Got a decaying rune of Zot
 44909 | Swamp:4  | 44909 ||| READING 14 scrolls of teleportation.
 44960 | Swamp:3  | 44960 ||| PLANNING DEPTHS
 45172 | Depths:1 | Entered Level 1 of the Depths
 45179 | Depths:1 | 45179 ||| INVOKING Heroism.
 45180 | Depths:1 | 45180 ||| INVOKING Finesse.
 45228 | Depths:1 | 45228 ||| Stepping ~*~*~tactically~*~*~ (hiding).
 45232 | Depths:1 | 45232 ||| INVOKING Heroism.
 45242 | Depths:1 | 45242 ||| Stepping ~*~*~tactically~*~*~ (stealth).
 45257 | Depths:1 | 45257 ||| Stepping ~*~*~tactically~*~*~ (hiding).
 45284 | Depths:1 | 45284 ||| INVOKING Heroism.
 45285 | Depths:1 | 45285 ||| INVOKING Finesse.
 45334 | Depths:1 | 45334 ||| Stepping ~*~*~tactically~*~*~ (stealth).
 45338 | Depths:1 | 45338 ||| Stepping ~*~*~tactically~*~*~ (stealth).
 45340 | Depths:1 | 45340 ||| Stepping ~*~*~tactically~*~*~ (hiding).
 45345 | Depths:1 | 45345 ||| INVOKING Heroism.
 45358 | Depths:1 | 45358 ||| INVOKING Finesse.
 45399 | Depths:1 | 45399 ||| Stepping ~*~*~tactically~*~*~ (stealth).
 45405 | Depths:1 | 45405 ||| Stepping ~*~*~tactically~*~*~ (stealth).
 45411 | Depths:1 | 45411 ||| INVOKING Heroism.
 45466 | Depths:1 | Identified the +2 glaive of Charity {holy, Will++ Str+6}
 45491 | Depths:1 | 45491 ||| INVOKING Heroism.
 45511 | Depths:1 | Reached skill level 19 in Shields
 45692 | Depths:1 | Found a gateway to Hell.
 45716 | Depths:1 | 45716 ||| Stepping ~*~*~tactically~*~*~ (hiding).
 45828 | Depths:1 | Found a portal to a secret trove of treasure.
 45843 | Depths:1 | 45843 ||| Stepping ~*~*~tactically~*~*~ (hiding).
 45970 | Depths:1 | Found an opulent altar of Gozag.
 46148 | Depths:1 | Found Vecuh's General Store.
 46156 | Depths:1 | 46156 ||| BUYING 2 potions of heal wounds (170 gold).
 46156 | Depths:1 | Bought 2 potions of heal wounds for 170 gold pieces
 46156 | Depths:1 | 46156 ||| BUYING potion of attraction (51 gold).
 46156 | Depths:1 | Bought a potion of attraction for 51 gold pieces
 46156 | Depths:1 | 46156 ||| BUYING potion of haste (170 gold).
 46156 | Depths:1 | Bought a potion of haste for 170 gold pieces
 46156 | Depths:1 | 46156 ||| BUYING ring "Fubischa" {rN+ Str+6 SInv} (659
                  | gold).
 46156 | Depths:1 | Bought the ring "Fubischa" {rN+ Str+6 SInv} for 659 gold
                  | pieces
 46189 | Depths:1 | Found a hazy altar of Hepliaklqana.
 46264 | Depths:1 | 46264 ||| UPGRADING to ring "Fubischa" {rN+ Str+6 SInv}.
 46266 | Depths:1 | 46266 ||| UPGRADING to +4 ring of protection.
 46268 | Depths:1 | 46268 ||| DROPPING +6 ring of strength.
 46319 | Depths:2 | 46319 ||| INVOKING Heroism.
 46320 | Depths:2 | 46320 ||| INVOKING Finesse.
 46337 | Depths:2 | Received a gift from Okawaru
 46358 | Depths:2 | Reached skill level 20 in Shields
 46379 | Depths:2 | 46379 ||| INVOKING Heroism.
 46409 | Depths:2 | 46409 ||| INVOKING Finesse.
 46410 | Depths:2 | 46410 ||| INVOKING Finesse.
 46445 | Depths:2 | 46445 ||| INVOKING Heroism.
 46449 | Depths:2 | 46449 ||| INVOKING Finesse.
 46512 | Depths:2 | 46512 ||| FLEEEEING.
 46513 | Depths:2 | 46513 ||| FLEEEEING.
 46514 | Depths:2 | 46514 ||| FLEEEEING.
 46515 | Depths:2 | 46515 ||| FLEEEEING.
 46516 | Depths:2 | 46516 ||| FLEEEEING.
 46517 | Depths:2 | 46517 ||| FLEEEEING.
 46518 | Depths:2 | 46518 ||| FLEEEEING.
 46519 | Depths:2 | 46519 ||| FLEEEEING.
 46520 | Depths:2 | 46520 ||| FLEEEEING.
 46521 | Depths:2 | 46521 ||| FLEEEEING.
 46522 | Depths:2 | 46522 ||| FLEEEEING.
 46523 | Depths:2 | 46523 ||| FLEEEEING.
 46524 | Depths:2 | 46524 ||| STAIRDANCE
 46661 | Depths:2 | Received a gift from Okawaru
 46780 | Depths:2 | Found a one-way gate leading to the halls of Pandemonium.
 46788 | Depths:2 | 46788 ||| INVOKING Heroism.
 46925 | Depths:2 | Noticed qw's ghost (adept GrFi)
 46926 | Depths:2 | Found a runed translucent gate.
 46926 | Depths:2 | Found a runed translucent gate.
 46927 | Depths:2 | Found a runed translucent gate.
 46949 | Depths:2 | Found a one-way gateway to a ziggurat.
 47036 | Depths:2 | 47036 ||| INVOKING Heroism.
 47037 | Depths:2 | 47037 ||| INVOKING Finesse.
 47290 | Depths:2 | 47290 ||| INVOKING Finesse.
 47396 | Depths:2 | 47396 ||| INVOKING Heroism.
 47397 | Depths:2 | 47397 ||| INVOKING Finesse.
 47401 | Depths:2 | Reached XP level 22. HP: 149/149 MP: 21/29
 47444 | Depths:2 | Found a one-way gate to the infinite horrors of the Abyss.
 47800 | Depths:2 | Found a runed door.
 47852 | Depths:2 | 47852 ||| DROPPING amulet of the acrobat.
 47918 | Depths:3 | 47918 ||| INVOKING Heroism.
 47925 | Depths:3 | 47925 ||| INVOKING Finesse.
 47943 | Depths:3 | Paralysed by a floating eye for 4 turns
 47945 | Depths:3 | HP: 22/149 [ettin/+0 dire flail (22)]
 47947 | Depths:3 | Slain by a tengu reaver

Levels and vault maps discovered:
D:1:      dpeg_arrival_shelter, layout_basic
D:2:      layout_loops_cross
D:3:      layout_basic, gup_sewer_entry_glass, serial_shops, shop,
          nicolae_shop_hallway_stairs, minmay_statues_item,
          uniq_crazy_yiuf_cottage, uniq_terence
D:4:      layout_basic, mainiacjoe_overflow_small_starburst,
          nicolae_qazlal_general_emergency, dk_noncrumbling_2, minmay_quantized
D:5:      layout_cave_pods, nemelex_dance_club_becter
D:6:      layout_loops_ring, nicolae_sif_muna_little_library, zin_academy,
          dilly_guarded_unrand_devastator
D:7:      layout_basic, minmay_temple_entry_purple_smoke, serial_demonic,
          serial_demonic_c, serial_demonic_b, serial_demonic_f,
          serial_demonic_c, uniq_pikel
D:8:      layout_loops_corners, makhleb_grotto_becter,
          chequers_temple_overflow_statue_of_worship, enter_bailey_2, uniq_grum
D:9:      layout_cave_pods, evilmike_ruin_ashenzari, orc_0_dummy
D:10:     layout_stronghold, lemuel_round_altar, nicolae_uskayaw_dance_hall,
          minmay_misc_feat_nine_boxes, minivault_25_ag, uniq_lodul
D:11:     due_chaos_kobolds, layout_loops_corners, lair_entry_dummy,
          minivault_16, uniq_psyche, uniq_fannar
D:12:     layout_basic, nicolae_wu_jian_wuxing_cycle, uniq_urug, uniq_maurice
D:13:     layout_cave_pools
D:14:     layout_basic, erik_vaults_2, minmay_checkerbox
D:15:     grunt_enter_depths_hoard, layout_irregular_city, serial_column_ruins,
          column_ruins_hut, column_ruins_grid_4, column_ruins_open_large,
          column_ruins_open_medium, column_ruins_grid_1,
          column_ruins_columns_corner, hangedman_abyss_or_decor_stagger,
          uniq_nessos
Temple:   nicolae_temple_bog_church
Lair:1:   layout_regular_city, amcnicky_mini_pool_medium, lemuel_fruit_fields,
          serial_bayou_shore_b
Lair:2:   layout_long_grid
Lair:3:   layout_hall_layers, nicolae_swamp_entry_splash_gauntlet,
          hellmonk_spider_entry_life_and_decay
Lair:4:   layout_gridlike, slime_entry_1, st_stairs_3, grunt_megastairs_5,
          infiniplex_staircase_pool
Lair:5:   hangedman_lair_in_review, layout_small_grid, wormcave,
          portal_ice_cave_entry_pillars_1, basic_altar
Swamp:1:  layout_basic_swamp, hangedman_swamp_ruin_wall,
          infiniplex_staircase_pool_2, uniq_mlioglotl
Swamp:2:  cheibrodos_swamp_monstrosity, layout_falls_marsh,
          evilmike_swamp_ruin_house_6, uniq_donald
Swamp:3:  layout_basic_swamp, evilmike_swamp_ruin_rubble_2, swamp_pool4,
          nicolae_swamp_stuck_in_the_mud
Swamp:4:  swamp_icy, layout_basic_swamp, swamp_pool1
Spider:1: nicolae_spider_corner, gammafunk_ghost_cemetery,
          nicolae_spider_some_kinda_spiderbox
Spider:2: layout_spider_delve
Spider:3: layout_spider_delve
Spider:4: spider_rune_water, hellmonk_spider_spawner, uniq_nikola
Orc:1:    layout_caves
Orc:2:    grunt_orc_community_town_hall, layout_caves,
          grunt_orc_community_big_house_1, grunt_orc_community_big_house_2,
          grunt_orc_community_house_2, grunt_orc_community_house_2,
          grunt_orc_community_house_3, grunt_orc_community_house_1,
          serial_shops, nicolae_diamond_shop, nicolae_orc_flooded_monolith
Vaults:1: hangedman_vaults_cutoff, gammafunk_sealed_library,
          nicolae_vaults_ninety_degrees, nicolae_vaults_circle_grid_a,
          hangedman_vaults_slice, layout_vaults_chaotic_city, serial_shops,
          nicolae_shop_trees, nicolae_lakefront_shop, shop_fountains, shop
Vaults:2: vaults_mumra_hex, minmay_crypt_entry_simple_corners, v_misc_24,
          nicolae_vaults_three_branches, vaults_mumra_lcd, v_misc_1,
          vaults_room_hangedman_quadrants, vaults_room_door_ring,
          layout_vaults_omnigrid, uniq_aizul
Vaults:3: hangedman_vaults_nodes, v_misc_2, grunt_vaults_twisty,
          kennysheep_vaults_gozag_temple, vaults_room_door_hall,
          nicolae_vaults_border_crossing, v_misc_29, vaults_room_octagon,
          vaults_room_semicircle, nicolae_vaults_specimen_jars,
          layout_vaults_ring, serial_shops,
          nicolae_shop_competitors_out_of_business
Vaults:4: v_misc_2, nicolae_vaults_octagons, nicolae_vaults_triangles,
          nicolae_vaults_inception_corners, vaults_mumra_minichess,
          ontoclasm_vaults_loading_screen, ontoclasm_vaults_spin, v_rooms_5,
          ontoclasm_vaults_fault, nicolae_vaults_ring_of_whatevers,
          nicolae_vaults_little_squares_4, layout_vaults_maze_snakey,
          uniq_zenata
Depths:1: layout_roguey, serial_shops, nicolae_lakefront_shop,
          nicolae_trove_entry_columns, lemuel_tele_altar, hell_entry,
          nicolae_gozag_seed_capital, kennysheep_random_hallway
Depths:2: evilmike_wizard_prison, layout_cave_pools, enter_ziggurat_e,
          hell_entry, abyss_entry, pan_entry, biasface_ghost_demon_polymorph,
          minivault_16, kennysheep_generic_room_8
Depths:3: minmay_the_grid_square_5x5_3x3
          [minmay_the_grid_square_5x5_pentomino_r,
          minmay_the_grid_square_5x5_tri_point,
          minmay_the_grid_square_5x5_two_walls_b,
          minmay_the_grid_square_5x5_two,
          minmay_the_grid_square_5x5_megaprize_checkered,
          minmay_the_grid_square_5x5_doubleslash,
          minmay_the_grid_square_5x5_three_small,
          minmay_the_grid_square_5x5_forky, minmay_the_grid_square_5x5_percent],
          layout_cave_pools, abyss_entry, rand_demon_pan_entry_9,
          hangedman_coc_ice_floe, nrook_loot_triangle, onia_ninara_cookie

Skill      XL: |  1  2  3  4  5  6  7  8  9 10 11 12 13 14 15 16 17 18 19 20 21 |
---------------+----------------------------------------------------------------+-----
Axes           | 2 3 4 5 7 8 10 11 12 14 16 17 18 | 18.0
Throwing       | 2 4 5 6 7 8 9 10 11 | 11.0
Fighting       | 4 5 7 8 9 10 11 12 13 15 16 17 19 | 19.0
Dodging        | 1 2 3 4 5 6 7 |  7.0
Armour         | 5 6 7 8 9 10 11 12 13 14 16 17 18 19 | 19.0
Shields        | 4 5 6 7 11 13 14 15 16 17 20 | 20.4
Invocations    | 4 6 10 | 10.0

Action                   |  1- 3 |  4- 6 |  7- 9 | 10-12 | 13-15 | 16-18 | 19-21 | 22-24 || total
-------------------------+-------+-------+-------+-------+-------+-------+-------+-------++-------
Melee: War axe           |    95 |   157 |   266 |   146 |     9 |    29 |       |       ||   702
       Broad axe         |       |       |       |   497 |  1072 |  1278 |  1570 |    65 ||  4482
       Mace              |       |       |       |     8 |       |       |       |       ||     8
Throw: Boomerang         |    30 |    33 |    49 |    18 |    49 |     4 |    17 |       ||   200
       Javelin           |       |       |       |    44 |   165 |   175 |   143 |    16 ||   543
Invok: Heroism           |       |       |     2 |    28 |    51 |    48 |    45 |     1 ||   175
       Finesse           |       |       |       |     1 |    12 |    14 |    13 |     1 ||    41
  Use: Scroll            |     5 |     7 |     5 |     5 |    11 |     3 |     8 |       ||    44
       Potion            |       |     2 |     3 |     1 |     5 |     4 |       |       ||    15
 Stab: Distracted        |       |       |     1 |       |       |     4 |       |       ||     5
       Confused          |       |       |       |       |       |     1 |       |       ||     1
Armor: Scale mail        |    42 |       |       |       |       |       |       |       ||    42
       Chain mail        |    22 |   112 |    54 |       |       |       |       |       ||   188
       Plate armour      |       |       |   144 |   446 |   612 |   578 |   375 |    27 ||  2182
       Skin              |       |       |       |       |     7 |       |       |       ||     7
Dodge: Dodged            |    49 |    66 |   108 |   207 |   291 |   263 |   200 |     4 ||  1188
Block: Buckler           |    26 |    30 |    61 |   153 |   203 |       |       |       ||   473
       Reflection        |       |       |       |       |    22 |    29 |    48 |       ||    99
       Kite shield       |       |       |       |       |   178 |   849 |   436 |       ||  1463
       Tower shield      |       |       |       |       |       |       |   366 |    31 ||   397

Table legend:
 A = Non-vault XP
 B = Vault XP
 C = Vault XP percentage of total XP
 D = Non-vault monster count
 E = Vault monster count
 F = Vault count percentage of total count
                 A         B        C        D         E       F
            +---------+---------+-------+---------+---------+-------
      Total |  393137 |  211452 |  35.0 |    1019 |     459 |  31.1
            +---------+---------+-------+---------+---------+-------
        D:1 |      42 |       0 |   0.0 |      24 |       0 |   0.0
        D:2 |      51 |       0 |   0.0 |      14 |       0 |   0.0
        D:3 |      34 |      65 |  65.7 |       9 |       4 |  30.8
        D:4 |     145 |       9 |   5.8 |      14 |       3 |  17.6
        D:5 |     658 |     115 |  14.9 |      29 |       2 |   6.5
        D:6 |     883 |     365 |  29.2 |      14 |       3 |  17.6
        D:7 |    1340 |     719 |  34.9 |      23 |       7 |  23.3
        D:8 |     994 |     597 |  37.5 |      19 |       5 |  20.8
        D:9 |    2064 |       0 |   0.0 |      21 |       0 |   0.0
       D:10 |    1571 |    1580 |  50.1 |      20 |       8 |  28.6
       D:11 |    3812 |    1965 |  34.0 |      13 |       3 |  18.8
       D:12 |    6003 |    1234 |  17.1 |      24 |       2 |   7.7
       D:13 |    2779 |     511 |  15.5 |       7 |       2 |  22.2
       D:14 |    5961 |    7717 |  56.4 |      13 |      10 |  43.5
       D:15 |   10384 |    1014 |   8.9 |      18 |       1 |   5.3
     Lair:1 |    5656 |     267 |   4.5 |      29 |       2 |   6.5
     Lair:2 |    9185 |       0 |   0.0 |      32 |       0 |   0.0
     Lair:3 |    2567 |    1657 |  39.2 |       8 |       7 |  46.7
     Lair:4 |    3837 |    2213 |  36.6 |      16 |       7 |  30.4
     Lair:5 |   19083 |   16052 |  45.7 |      59 |      38 |  39.2
    Swamp:1 |   13074 |    3052 |  18.9 |      28 |       2 |   6.7
    Swamp:2 |   13260 |    1892 |  12.5 |      27 |       1 |   3.6
    Swamp:3 |    8416 |       0 |   0.0 |      15 |       0 |   0.0
    Swamp:4 |   13692 |    7823 |  36.4 |      21 |      32 |  60.4
   Spider:1 |   19300 |   20170 |  51.1 |      54 |      42 |  43.8
   Spider:2 |   15967 |       0 |   0.0 |      43 |       0 |   0.0
   Spider:3 |   18175 |       0 |   0.0 |      43 |       0 |   0.0
   Spider:4 |   12362 |   21630 |  63.6 |      28 |      37 |  56.9
      Orc:1 |    4993 |       0 |   0.0 |      40 |       0 |   0.0
      Orc:2 |    2107 |    5013 |  70.4 |      34 |      70 |  67.3
   Vaults:1 |   33402 |   16942 |  33.7 |      57 |      17 |  23.0
   Vaults:2 |   22163 |   17437 |  44.0 |      35 |      24 |  40.7
   Vaults:3 |   37630 |   35575 |  48.6 |      49 |      46 |  48.4
   Vaults:4 |   35084 |   29966 |  46.1 |      53 |      38 |  41.8
   Depths:1 |   32737 |    5803 |  15.1 |      40 |       6 |  13.0
   Depths:2 |   32819 |    6540 |  16.6 |      45 |       8 |  15.1
   Depths:3 |     907 |    3198 |  77.9 |       1 |       3 |  75.0
      Sewer |       0 |     331 | 100.0 |       0 |      29 | 100.0
            +---------+---------+-------+---------+---------+-------
